Workbook
Name Acad._Aff.: '[1]Non Tax-Levy'!$A$3:$A$5
Name AccountType: 'NTL Budget Modification Form'!$S$3:$S$9
Name AcctInfo: '[2]Budget form'!#REF!
Name AcctInfo: '[2]Budget form'!#REF!
Name Bert_Wasserman_Dept_Eco_and_Fin: 'NTL Budget Modification Form'!#REF!
Name Bert_Wasserman_Dept_Eco_and_Fin: '[3]Budget form-ALL'!#REF!
Name DateRange: #REF!
Name EXPCODES: '[2]Budget form'!#REF!
Name EXPCODES: '[2]Budget form'!#REF!
Name fiscalyear: 'Date Range for Forms'!$G$2:$G$7
Name FS_not_applicable: '[1]Bar03 Tree Linked w Prgrm '!$P$33:$P$35+'[1]Bar03 Tree Linked w Prgrm '!$P$30:$P$32
Name Fundhead: 'NTL Budget Modification Form'!#REF!
Name Fundhead: '[4]Budget form-ALL'!#REF!
Name Heading: 'NTL Budget Modification Form'!#REF!
Name Heading: '[4]Budget form-ALL'!#REF!
Name IFR: [3]IFR!$B$5:$B$11
Name Ledger: 'NTL Budget Modification Form'!#REF!
Name list_level1: Level_1[Column1]
Name list_level2: INDEX(tmp_list_level2,1):INDEX(tmp_list_level2,COUNTA(tmp_list_level2))
Name list_level3: INDEX(tmp_list_level3,1):INDEX(tmp_list_level3,COUNTA(tmp_list_level3))
Name list_level4: INDEX(tmp_list_level4,1):INDEX(tmp_list_level4,COUNTA(tmp_list_level4))
Name list_level5: INDEX(tmp_list_level5,1):INDEX(tmp_list_level5,COUNTA(tmp_list_level5))
Name list_level6: INDEX(tmp_list_level6,1):INDEX(tmp_list_level6,COUNTA(tmp_list_level6))
Name MSPIA: '[1]Non Tax-Levy'!$A$7:$A$8
Name Non_Tax_Levy_Assoc: '[1]Bar03 Tree Linked'!$A$8
Name Non_Tax_Levy_AUX: '[1]Non Tax-Levy'!$F$141:$F$143
Name Non_Tax_Levy_ELC: '[1]Non Tax-Levy'!$F$104
Name OCM: 'NTL Budget Modification Form'!#REF!
Name President: '[1]Non Tax-Levy'!$A$6
Name Tax_Levy: '[3]Tax Levy'!$A$3:$A$14
Name tmp_list_level2: INDEX(Level_2[],,MATCH('NTL Budget Modification Form'!$C$7&"",Level_2[#Headers],0))
Name tmp_list_level3: INDEX(Level_3[],0,MATCH('NTL Budget Modification Form'!$C$7&"\"&'NTL Budget Modification Form'!XFD1,Level_3[#Headers],0))
Name tmp_list_level4: INDEX(Level_4[],0,MATCH('NTL Budget Modification Form'!$C$7&"\"&'NTL Budget Modification Form'!$B1&"\"&'NTL Budget Modification Form'!$C1,Level_4[#Headers],0))
Name tmp_list_level5: INDEX(Level_5[],0,MATCH('NTL Budget Modification Form'!$C$7&"\"&'NTL Budget Modification Form'!$B1&"\"&'NTL Budget Modification Form'!$C1&"\"&'NTL Budget Modification Form'!$D1,Level_5[#Headers],0))
Name VPAF: '[1]Non Tax-Levy'!$A$9:$A$13
Name VPCA: '[1]Non Tax-Levy'!$A$14
Name VPEM: '[1]Non Tax-Levy'!$A$15:$A$18
Name VPSA: '[1]Non Tax-Levy'!$A$21:$A$25
Name WSAS: '[1]Non Tax-Levy'!$A$26:$A$32
Name ZSB: '[1]Non Tax-Levy'!$A$33:$A$46

Sheet NTL Budget Modification Form
F2: =IFERROR(IF(C6="", "Budget Change Request ", "FY"&RIGHT(C6,2)&" Budget Change Request")," ") -> Budget Change Request | S2: Account Type | T2: Action | U2: Date | V2: BU | W2: BU Descr
F3: =IFERROR(VLOOKUP(C8,V2:W7,2,FALSE), "")
S4: Adjunct | T4: Modification | U4: 44317 | V4: BAR55 | W4: Non Tax Levy-BAR55
E5: Send all Budget Change Requests to: | F5: BudgetChangeRequest@baruch.cuny.edu | S5: Non-Teaching Adjuncts | T5: New CUNY Funding | U5: 44318 | V5: BAR04 | W5: Non Tax Levy Early Learning Center-BAR04
B6: Select Fiscal Year: | E6: All requests will be processed ASAP, and an updated Budget file will be saved in the All-Funds Budget & Budget Information drive at the end of the day. | S6: OTPS | U6: 44319 | V6: BAR02 | W6: Non Tax Levy Auxiliary-BAR02
A7: 1. | B7: Ledger: | S7: PS Regular | U7: 44320 | V7: BAR03 | W7: Non Tax Levy Association-BAR03
A8: 2. | B8: Business Unit: | C8: =IF(C7="","",_xlfn.XLOOKUP(C7,'NTL Chartfields'!A:A,'NTL Chartfields'!J:J,"N/A",0)) | G8: *Requested By: | S8: Temp Services | U8: 44321
A9: 3. | B9: Action: | G9: *Date | S9: Unassigned | U9: 44322
U10: 44323
U11: 44324
B12: 4. Division | C12: 5. Department Description | D12: 6. Program Code Description | E12: 7. Funding Source Decription | F12: 8. MP Code | G12: 8. Increase/ (Decrease) | I12: Comments (Optional) | J12: CUNYFIRST Dept. Code | L12: Program Code | M12: Major Purpose Code | N12: Funding Source | O12: Special Initiatives | P12: Operating Unit | Q12: Fund Code | U12: 44325
A13: 1 | J13: =IFERROR(IF($B13="","−−−−−−−►",(_xlfn.XLOOKUP(C13,'NTL Chartfields'!C:C,'NTL Chartfields'!M:M,"N/A",0))),"−−−−−−−►") -> −−−−−−−► | L13: =IFERROR(IF($D13 ="", "−−−−−−−► ",_xlfn.XLOOKUP(S13,'NTL Chartfields'!I:I,'NTL Chartfields'!P:P,"N/A",0)),"−−−−−−−►") -> −−−−−−−► | M13: =IFERROR(IF($J13="−−−−−−−►", " −−−−−−−► ",_xlfn.XLOOKUP(S13,'NTL Chartfields'!I:I,'NTL Chartfields'!F:F,"N/A",0)),"−−−−−−−► ") -> −−−−−−−► | N13: =IFERROR(IF($E13=""," −−−−−−−► ",_xlfn.XLOOKUP(E13,'NTL Chartfields'!E:E,'NTL Chartfields'!Q:Q,"N/A",0)),"−−−−−−−►") -> −−−−−−−► | O13: =IFERROR(IF(J13="−−−−−−−►","−−−−−−−► ",_xlfn.XLOOKUP(S13,'NTL Chartfields'!I:I,'NTL Chartfields'!R:R,"N/A",0)),"−−−−−−−►") -> −−−−−−−► | P13: =IFERROR(IF($J13="−−−−−−−►","−−−−−−−► ",_xlfn.XLOOKUP(S13,'NTL Chartfields'!I:I,'NTL Chartfields'!O:O,"N/A",0)),"−−−−−−−► ") -> −−−−−−−► | Q13: =IFERROR(IF($J13="−−−−−−−►","−−−−−−−► ",_xlfn.XLOOKUP(S13,'NTL Chartfields'!I:I,'NTL Chartfields'!N:N,"N/A",0)),"−−−−−−−► ") -> −−−−−−−► | S13: =$C$8&B13&D13&F13 | U13: 44326
A14: 2 | J14: =IFERROR(IF($B14="","−−−−−−−►",(_xlfn.XLOOKUP(C14,'NTL Chartfields'!C:C,'NTL Chartfields'!M:M,"N/A",0))),"−−−−−−−►") -> −−−−−−−► | L14: =IFERROR(IF($D14 ="", "−−−−−−−► ",_xlfn.XLOOKUP(S14,'NTL Chartfields'!I:I,'NTL Chartfields'!P:P,"N/A",0)),"−−−−−−−►") -> −−−−−−−► | M14: =IFERROR(IF($J14="−−−−−−−►", " −−−−−−−► ",_xlfn.XLOOKUP(S14,'NTL Chartfields'!I:I,'NTL Chartfields'!F:F,"N/A",0)),"−−−−−−−► ") -> −−−−−−−► | N14: =IFERROR(IF($E14=""," −−−−−−−► ",_xlfn.XLOOKUP(E14,'NTL Chartfields'!E:E,'NTL Chartfields'!Q:Q,"N/A",0)),"−−−−−−−►") -> −−−−−−−► | O14: =IFERROR(IF(J14="−−−−−−−►","−−−−−−−► ",_xlfn.XLOOKUP(S14,'NTL Chartfields'!I:I,'NTL Chartfields'!R:R,"N/A",0)),"−−−−−−−►") -> −−−−−−−► | P14: =IFERROR(IF($J14="−−−−−−−►","−−−−−−−► ",_xlfn.XLOOKUP(S14,'NTL Chartfields'!I:I,'NTL Chartfields'!O:O,"N/A",0)),"−−−−−−−► ") -> −−−−−−−► | Q14: =IFERROR(IF($J14="−−−−−−−►","−−−−−−−► ",_xlfn.XLOOKUP(S14,'NTL Chartfields'!I:I,'NTL Chartfields'!N:N,"N/A",0)),"−−−−−−−► ") -> −−−−−−−► | S14: =$C$8&B14&D14&F14 | U14: 44327
A15: 3 | J15: =IFERROR(IF($B15="","−−−−−−−►",(_xlfn.XLOOKUP(C15,'NTL Chartfields'!C:C,'NTL Chartfields'!M:M,"N/A",0))),"−−−−−−−►") -> −−−−−−−► | L15: =IFERROR(IF($D15 ="", "−−−−−−−► ",_xlfn.XLOOKUP(S15,'NTL Chartfields'!I:I,'NTL Chartfields'!P:P,"N/A",0)),"−−−−−−−►") -> −−−−−−−► | M15: =IFERROR(IF($J15="−−−−−−−►", " −−−−−−−► ",_xlfn.XLOOKUP(S15,'NTL Chartfields'!I:I,'NTL Chartfields'!F:F,"N/A",0)),"−−−−−−−► ") -> −−−−−−−► | N15: =IFERROR(IF($E15=""," −−−−−−−► ",_xlfn.XLOOKUP(E15,'NTL Chartfields'!E:E,'NTL Chartfields'!Q:Q,"N/A",0)),"−−−−−−−►") -> −−−−−−−► | O15: =IFERROR(IF(J15="−−−−−−−►","−−−−−−−► ",_xlfn.XLOOKUP(S15,'NTL Chartfields'!I:I,'NTL Chartfields'!R:R,"N/A",0)),"−−−−−−−►") -> −−−−−−−► | P15: =IFERROR(IF($J15="−−−−−−−►","−−−−−−−► ",_xlfn.XLOOKUP(S15,'NTL Chartfields'!I:I,'NTL Chartfields'!O:O,"N/A",0)),"−−−−−−−► ") -> −−−−−−−► | Q15: =IFERROR(IF($J15="−−−−−−−►","−−−−−−−► ",_xlfn.XLOOKUP(S15,'NTL Chartfields'!I:I,'NTL Chartfields'!N:N,"N/A",0)),"−−−−−−−► ") -> −−−−−−−► | S15: =$C$8&B15&D15&F15 | U15: 44328
A16: 4 | J16: =IFERROR(IF($B16="","−−−−−−−►",(_xlfn.XLOOKUP(C16,'NTL Chartfields'!C:C,'NTL Chartfields'!M:M,"N/A",0))),"−−−−−−−►") -> −−−−−−−► | L16: =IFERROR(IF($D16 ="", "−−−−−−−► ",_xlfn.XLOOKUP(S16,'NTL Chartfields'!I:I,'NTL Chartfields'!P:P,"N/A",0)),"−−−−−−−►") -> −−−−−−−► | M16: =IFERROR(IF($J16="−−−−−−−►", " −−−−−−−► ",_xlfn.XLOOKUP(S16,'NTL Chartfields'!I:I,'NTL Chartfields'!F:F,"N/A",0)),"−−−−−−−► ") -> −−−−−−−► | N16: =IFERROR(IF($E16=""," −−−−−−−► ",_xlfn.XLOOKUP(E16,'NTL Chartfields'!E:E,'NTL Chartfields'!Q:Q,"N/A",0)),"−−−−−−−►") -> −−−−−−−► | O16: =IFERROR(IF(J16="−−−−−−−►","−−−−−−−► ",_xlfn.XLOOKUP(S16,'NTL Chartfields'!I:I,'NTL Chartfields'!R:R,"N/A",0)),"−−−−−−−►") -> −−−−−−−► | P16: =IFERROR(IF($J16="−−−−−−−►","−−−−−−−► ",_xlfn.XLOOKUP(S16,'NTL Chartfields'!I:I,'NTL Chartfields'!O:O,"N/A",0)),"−−−−−−−► ") -> −−−−−−−► | Q16: =IFERROR(IF($J16="−−−−−−−►","−−−−−−−► ",_xlfn.XLOOKUP(S16,'NTL Chartfields'!I:I,'NTL Chartfields'!N:N,"N/A",0)),"−−−−−−−► ") -> −−−−−−−► | S16: =$C$8&B16&D16&F16 | U16: 44329
A17: 5 | J17: =IFERROR(IF($B17="","−−−−−−−►",(_xlfn.XLOOKUP(C17,'NTL Chartfields'!C:C,'NTL Chartfields'!M:M,"N/A",0))),"−−−−−−−►") -> −−−−−−−► | L17: =IFERROR(IF($D17 ="", "−−−−−−−► ",_xlfn.XLOOKUP(S17,'NTL Chartfields'!I:I,'NTL Chartfields'!P:P,"N/A",0)),"−−−−−−−►") -> −−−−−−−► | M17: =IFERROR(IF($J17="−−−−−−−►", " −−−−−−−► ",_xlfn.XLOOKUP(S17,'NTL Chartfields'!I:I,'NTL Chartfields'!F:F,"N/A",0)),"−−−−−−−► ") -> −−−−−−−► | N17: =IFERROR(IF($E17=""," −−−−−−−► ",_xlfn.XLOOKUP(E17,'NTL Chartfields'!E:E,'NTL Chartfields'!Q:Q,"N/A",0)),"−−−−−−−►") -> −−−−−−−► | O17: =IFERROR(IF(J17="−−−−−−−►","−−−−−−−► ",_xlfn.XLOOKUP(S17,'NTL Chartfields'!I:I,'NTL Chartfields'!R:R,"N/A",0)),"−−−−−−−►") -> −−−−−−−► | P17: =IFERROR(IF($J17="−−−−−−−►","−−−−−−−► ",_xlfn.XLOOKUP(S17,'NTL Chartfields'!I:I,'NTL Chartfields'!O:O,"N/A",0)),"−−−−−−−► ") -> −−−−−−−► | Q17: =IFERROR(IF($J17="−−−−−−−►","−−−−−−−► ",_xlfn.XLOOKUP(S17,'NTL Chartfields'!I:I,'NTL Chartfields'!N:N,"N/A",0)),"−−−−−−−► ") -> −−−−−−−► | S17: =$C$8&B17&D17&F17 | U17: 44330
A18: 6 | J18: =IFERROR(IF($B18="","−−−−−−−►",(_xlfn.XLOOKUP(C18,'NTL Chartfields'!C:C,'NTL Chartfields'!M:M,"N/A",0))),"−−−−−−−►") -> −−−−−−−► | L18: =IFERROR(IF($D18 ="", "−−−−−−−► ",_xlfn.XLOOKUP(S18,'NTL Chartfields'!I:I,'NTL Chartfields'!P:P,"N/A",0)),"−−−−−−−►") -> −−−−−−−► | M18: =IFERROR(IF($J18="−−−−−−−►", " −−−−−−−► ",_xlfn.XLOOKUP(S18,'NTL Chartfields'!I:I,'NTL Chartfields'!F:F,"N/A",0)),"−−−−−−−► ") -> −−−−−−−► | N18: =IFERROR(IF($E18=""," −−−−−−−► ",_xlfn.XLOOKUP(E18,'NTL Chartfields'!E:E,'NTL Chartfields'!Q:Q,"N/A",0)),"−−−−−−−►") -> −−−−−−−► | O18: =IFERROR(IF(J18="−−−−−−−►","−−−−−−−► ",_xlfn.XLOOKUP(S18,'NTL Chartfields'!I:I,'NTL Chartfields'!R:R,"N/A",0)),"−−−−−−−►") -> −−−−−−−► | P18: =IFERROR(IF($J18="−−−−−−−►","−−−−−−−► ",_xlfn.XLOOKUP(S18,'NTL Chartfields'!I:I,'NTL Chartfields'!O:O,"N/A",0)),"−−−−−−−► ") -> −−−−−−−► | Q18: =IFERROR(IF($J18="−−−−−−−►","−−−−−−−► ",_xlfn.XLOOKUP(S18,'NTL Chartfields'!I:I,'NTL Chartfields'!N:N,"N/A",0)),"−−−−−−−► ") -> −−−−−−−► | S18: =$C$8&B18&D18&F18 | U18: 44331
A19: 7 | J19: =IFERROR(IF($B19="","−−−−−−−►",(_xlfn.XLOOKUP(C19,'NTL Chartfields'!C:C,'NTL Chartfields'!M:M,"N/A",0))),"−−−−−−−►") -> −−−−−−−► | L19: =IFERROR(IF($D19 ="", "−−−−−−−► ",_xlfn.XLOOKUP(S19,'NTL Chartfields'!I:I,'NTL Chartfields'!P:P,"N/A",0)),"−−−−−−−►") -> −−−−−−−► | M19: =IFERROR(IF($J19="−−−−−−−►", " −−−−−−−► ",_xlfn.XLOOKUP(S19,'NTL Chartfields'!I:I,'NTL Chartfields'!F:F,"N/A",0)),"−−−−−−−► ") -> −−−−−−−► | N19: =IFERROR(IF($E19=""," −−−−−−−► ",_xlfn.XLOOKUP(E19,'NTL Chartfields'!E:E,'NTL Chartfields'!Q:Q,"N/A",0)),"−−−−−−−►") -> −−−−−−−► | O19: =IFERROR(IF(J19="−−−−−−−►","−−−−−−−► ",_xlfn.XLOOKUP(S19,'NTL Chartfields'!I:I,'NTL Chartfields'!R:R,"N/A",0)),"−−−−−−−►") -> −−−−−−−► | P19: =IFERROR(IF($J19="−−−−−−−►","−−−−−−−► ",_xlfn.XLOOKUP(S19,'NTL Chartfields'!I:I,'NTL Chartfields'!O:O,"N/A",0)),"−−−−−−−► ") -> −−−−−−−► | Q19: =IFERROR(IF($J19="−−−−−−−►","−−−−−−−► ",_xlfn.XLOOKUP(S19,'NTL Chartfields'!I:I,'NTL Chartfields'!N:N,"N/A",0)),"−−−−−−−► ") -> −−−−−−−► | S19: =$C$8&B19&D19&F19 | U19: 44332
A20: 8 | J20: =IFERROR(IF($B20="","−−−−−−−►",(_xlfn.XLOOKUP(C20,'NTL Chartfields'!C:C,'NTL Chartfields'!M:M,"N/A",0))),"−−−−−−−►") -> −−−−−−−► | L20: =IFERROR(IF($D20 ="", "−−−−−−−► ",_xlfn.XLOOKUP(S20,'NTL Chartfields'!I:I,'NTL Chartfields'!P:P,"N/A",0)),"−−−−−−−►") -> −−−−−−−► | M20: =IFERROR(IF($J20="−−−−−−−►", " −−−−−−−► ",_xlfn.XLOOKUP(S20,'NTL Chartfields'!I:I,'NTL Chartfields'!F:F,"N/A",0)),"−−−−−−−► ") -> −−−−−−−► | N20: =IFERROR(IF($E20=""," −−−−−−−► ",_xlfn.XLOOKUP(E20,'NTL Chartfields'!E:E,'NTL Chartfields'!Q:Q,"N/A",0)),"−−−−−−−►") -> −−−−−−−► | O20: =IFERROR(IF(J20="−−−−−−−►","−−−−−−−► ",_xlfn.XLOOKUP(S20,'NTL Chartfields'!I:I,'NTL Chartfields'!R:R,"N/A",0)),"−−−−−−−►") -> −−−−−−−► | P20: =IFERROR(IF($J20="−−−−−−−►","−−−−−−−► ",_xlfn.XLOOKUP(S20,'NTL Chartfields'!I:I,'NTL Chartfields'!O:O,"N/A",0)),"−−−−−−−► ") -> −−−−−−−► | Q20: =IFERROR(IF($J20="−−−−−−−►","−−−−−−−► ",_xlfn.XLOOKUP(S20,'NTL Chartfields'!I:I,'NTL Chartfields'!N:N,"N/A",0)),"−−−−−−−► ") -> −−−−−−−► | S20: =$C$8&B20&D20&F20 | U20: 44333
G21: Total: | H21: =SUM(G13:G20) -> 0 | U21: 44334
U22: 44335
U23: 44336
C24: Revised Date: 07.15.2026 | U24: 44337
C25: Modification: Must Net to "0", with the same Allocation | U25: 44338
C26: New CUNY Funding: Must Provide Budget Document | U26: 44339
C27: Intra-University: Funds Provided by other CUNY Entities on a One-time Basis. | U27: 44340
C28: N/A Means that the HCM Dept. is not active in CUNYfirst | U28: 44341
U29: 44342
U30: 44343
U31: 44344
U32: 44345
U33: 44346
U34: 44347
U35: 44348
U36: 44349
U37: 44350
U38: 44351
U39: 44352
U40: 44353
... U430: 44743

Sheet NTL Chartfields
A1: Ledger | B1: Divisions.Data.Division | C1: Department Descr | D1: Program Code Descr | E1: Funding Source Descr | F1: Major Purpose | G1: Source.Name | H1: Budget Period | I1: BU&PrgrmDescr&MP | J1: Business Unit | K1: Account | L1: Account Description | M1: Department | N1: Fund Code | O1: Operating Unit | P1: Program Code | Q1: Funding Source | R1: Special Initiatives
A2: NTL | B2: Acad Aff | C2: Academic Advisement | D2: Endowment Funds 3 | E2: Endowment Funds (20-90) | F2: 300 | G2: BAR55.xlsx | H2: 2026 | I2: BAR55Acad AffEndowment Funds 3300 | J2: BAR55 | K2: 80000 | L2: Expense | M2: 75001 | N2: 22 | O2: 1010 | P2: 40180 | Q2: 209000 | R2: 9999
A3: NTL | B3: Acad Aff | C3: Provost Operations | D3: Provost | E3: Provost (20-10) | F3: 355 | G3: BAR55.xlsx | H3: 2026 | I3: BAR55Acad AffProvost355 | J3: BAR55 | K3: 80000 | L3: Expense | M3: 80259 | N3: 12 | O3: 9999 | P3: 40021 | Q3: 201000 | R3: 9999
A4: NTL | B4: Acad Aff | C4: Office for Teaching & Learning | D4: Schwartz Communication Inst. | E4: Provost (20-10) | F4: 100 | G4: BAR55.xlsx | H4: 2026 | I4: BAR55Acad AffSchwartz Communication Inst.100 | J4: BAR55 | K4: 80000 | L4: Expense | M4: 70062 | N4: 12 | O4: 9999 | P4: 40022 | Q4: 201000 | R4: 9999
A5: NTL | B5: Acad Aff | C5: Student Placement Office | D5: Career Services | E5: Student Affairs (20-20) | F5: 300 | G5: BAR55.xlsx | H5: 2026 | I5: BAR55Acad AffCareer Services300 | J5: BAR55 | K5: 80000 | L5: Expense | M5: 75070 | N5: 12 | O5: 9999 | P5: 40082 | Q5: 202000 | R5: 9999
A6: NTL | B6: Library | C6: Library | D6: Library, Friends of | E6: Library (20-40) | F6: 251 | G6: BAR55.xlsx | H6: 2026 | I6: BAR55LibraryLibrary, Friends of251 | J6: BAR55 | K6: 80000 | L6: Expense | M6: 70054 | N6: 12 | O6: 9999 | P6: 40252 | Q6: 204000 | R6: 9999
A7: NTL | B7: Library | C7: Library | D7: Library Miscellaneous | E7: Library (20-40) | F7: 251 | G7: BAR55.xlsx | H7: 2026 | I7: BAR55LibraryLibrary Miscellaneous251 | J7: BAR55 | K7: 80000 | L7: Expense | M7: 70054 | N7: 12 | O7: 9999 | P7: 40253 | Q7: 204000 | R7: 9999
A8: NTL | B8: Library | C8: Library | D8: Library Corporation | E8: Library (20-40) | F8: 251 | G8: BAR55.xlsx | H8: 2026 | I8: BAR55LibraryLibrary Corporation251 | J8: BAR55 | K8: 80000 | L8: Expense | M8: 70054 | N8: 12 | O8: 9999 | P8: 40254 | Q8: 204000 | R8: 9999
A9: NTL | B9: Library | C9: Library | D9: Endowment Funds 3 | E9: Endowment Funds (20-90) | F9: 251 | G9: BAR55.xlsx | H9: 2026 | I9: BAR55LibraryEndowment Funds 3251 | J9: BAR55 | K9: 80000 | L9: Expense | M9: 70054 | N9: 22 | O9: 1010 | P9: 40180 | Q9: 209000 | R9: 9999
A10: NTL | B10: MSPIA | C10: Dean School of Public Affairs | D10: Endowment Funds 3 | E10: Endowment Funds (20-90) | F10: 100 | G10: BAR55.xlsx | H10: 2026 | I10: BAR55MSPIAEndowment Funds 3100 | J10: BAR55 | K10: 80000 | L10: Expense | M10: 10405 | N10: 22 | O10: 1010 | P10: 40180 | Q10: 209000 | R10: 9999
A11: NTL | B11: MSPIA | C11: Public Affairs | D11: Executive MPA | E11: Exe & Global MSPIA (30-35) | F11: 450 | G11: BAR55.xlsx | H11: 2026 | I11: BAR55MSPIAExecutive MPA450 | J11: BAR55 | K11: 80000 | L11: Expense | M11: 10250 | N11: 12 | O11: 9999 | P11: 40330 | Q11: 303500 | R11: 9999
A12: NTL | B12: MSPIA | C12: Public Affairs | D12: Executive MPA | E12: Exe & Global MSPIA (30-35) | F12: 100 | G12: BAR55.xlsx | H12: 2026 | I12: BAR55MSPIAExecutive MPA100 | J12: BAR55 | K12: 80000 | L12: Expense | M12: 10250 | N12: 12 | O12: 9999 | P12: 40330 | Q12: 303500 | R12: 9999
A13: NTL | B13: MSPIA | C13: Dean School of Public Affairs | D13: Dean Marxe School | E13: Marxe School (20-35) | F13: 100 | G13: BAR55.xlsx | H13: 2026 | I13: BAR55MSPIADean Marxe School100 | J13: BAR55 | K13: 80000 | L13: Expense | M13: 10405 | N13: 12 | O13: 9999 | P13: 40230 | Q13: 203500 | R13: 9999
... A516: NTL | B516: ZSB | C516: Accounting | D516: Endowment Funds 3 | E516: Endowment Funds (20-90) | F516: 100 | G516: BAR55.xlsx | H516: 2027 | I516: BAR55ZSBEndowment Funds 3100 | J516: BAR55 | K516: 80000 | L516: Expense | M516: 10005 | N516: 22 | O516: 1010 | P516: 40180 | Q516: 209000 | R516: 9999

Sheet Date Range for Forms
B1: Date | G1: Fiscal Year
B3: 46266 | G3: 2026
B4: 46267 | G4: 2027
B5: 46268 | G5: 2028
B6: 46269 | G6: 2029
B7: 46270 | G7: 2030
B8: 46271
B9: 46272
B10: 46273
B11: 46274
B12: 46275
B13: 46276
B14: 46277
B15: 46278
B16: 46279
B17: 46280
B18: 46281
B19: 46282
... B246: 46509

Sheet Divisions
A1: Data.Division | B1: Data.CUNYFIRST GL Dept Code | C1: Data.CUNYFIRST GL Dept. Description (University Shared)
A3: ZSB | B3: 10005 | C3: Accounting
A4: WSAS | B4: 10014 | C4: Anthro & Sociology
A5: WSAS | B5: 10060 | C5: Communications
A6: VPSA | B6: 10071 | C6: Counseling & Comm Skills
A7: ZSB | B7: 10088 | C7: Economics
A8: Acad Aff | B8: 10103 | C8: English & Speech
A9: WSAS | B9: 10105 | C9: English Language/Literature
A10: WSAS | B10: 10115 | C10: Fine & Performing Arts
A11: VPSA | B11: 10134 | C11: Physical Education
A12: WSAS | B12: 10148 | C12: History & Contemporary Civil
A13: WSAS | B13: 10172 | C13: Journalism
... A109: Acad Aff | B109: 80522 | C109: VP Strategic Planning, Assessm

Sheet Level 1
A1: Column1
A2: NTL
A3: NTL-Assoc
A4: NTL-AUX
A5: NTL-ELC

Sheet Level 2
A1: NTL | B1: NTL-AUX | C1: NTL-Assoc | D1: NTL-ELC
A2: Acad Aff | B2: VPAF | C2: VPSA | D2: VPSA
A3: Library | B3: VPSA
A4: MSPIA
A5: President
A6: VPAF
A7: VPCA
A8: VPEM
A9: VPISD
A10: VPSA
A11: WSAS
A12: ZSB

Sheet Level 3
A1: NTL\Acad Aff | B1: NTL\Library | C1: NTL\MSPIA | D1: NTL\President | E1: NTL\VPAF | F1: NTL-AUX\VPAF | G1: NTL\VPCA | H1: NTL\VPEM | I1: NTL\VPISD | J1: NTL-Assoc\VPSA | K1: NTL-AUX\VPSA | L1: NTL-ELC\VPSA | M1: NTL\VPSA | N1: NTL\WSAS | O1: NTL\ZSB
A2: Academic Advisement | B2: Library | C2: Dean School of Public Affairs | D2: Legal Services | E2: Facilities Planning Operations | F2: Business Office/Fin Operations | G2: College Relations Operations | H2: Student Financial Aid | I2: Computer Center Operations | J2: Student Affairs-Life/Devel | K2: Student Affairs & Serv | L2: Center, Child Care | M2: Student Affairs-Life/Devel | N2: Student Services | O2: Student Affairs Administration
A3: Provost Operations | C3: Public Affairs | D3: President | E3: Human Resources Operations | H3: International Student Services | J3: Student Center/Student Activ | K3: Student Affairs-Life/Devel | M3: Athletics & Recreation | N3: Communications | O3: Graduate Programs
A4: Office for Teaching & Learning | E4: Accounting Operations | H4: Admissions Services | J4: Student Activities | M4: Ofc Students w/ Disabilities | N4: Fine & Performing Arts | O4: Dean Of Business
A5: Student Placement Office | E5: Facility Maintenance Operation | H5: Registrar | J5: Student Union | M5: Student Affairs & Serv | N5: English Language/Literature | O5: Career Services Operations
E6: Business Office/Fin Operations | H6: Dean Of Student Services | J6: Student Health Services | N6: Art Gallery | O6: Counseling-Academic
E7: Purchasing | H7: Testing and Evaluation | J7: Special Programs | N7: Philosophy | O7: Economics
E8: Security Operations | J8: Communica/News, Photo, Video | N8: Mathematics | O8: Business PhD Program
E9: VP Finance and Administration | J9: Communica/Editorial & Design | N9: Center, Performing Arts | O9: Statistics
E10: Campus Planning & Operations | J10: Special Services | N10: Dean Of Liberal Arts | O10: Real Estate
E11: Budget and Planning Operations | J11: Athletics & Recreation | N11: Psychology | O11: Marketing
E12: Bursar Operations | J12: Special Projects | O12: Management
J13: Stud. Affairs-Stud. Life&Devel | O13: Law
O14: Accounting
O15: Executive Programs
O16: Center, Weissman Intl Business
O17: Center, Subotnick Fin Services
O18: Center, Lawrence Field/Sm Bus
O19: Institute, Newman RE
O20: Center, Student Entrprneurship
O21: Entrepreneurship & Innovation

Sheet Level 4
A1: NTL\Acad Aff\Academic Advisement | B1: NTL\Acad Aff\Provost Operations | C1: NTL\Acad Aff\Office for Teaching & Learning | D1: NTL\Acad Aff\Student Placement Office | E1: NTL\Library\Library | F1: NTL\MSPIA\Dean School of Public Affairs | G1: NTL\MSPIA\Public Affairs | H1: NTL\President\Legal Services | I1: NTL\President\President | J1: NTL\VPAF\Facilities Planning Operations | K1: NTL\VPAF\Human Resources Operations | L1: NTL\VPAF\Accounting Operations | M1: NTL\VPAF\Facility Maintenance Operation | N1: NTL\VPAF\Business Office/Fin Operations | O1: NTL\VPAF\Purchasing | P1: NTL\VPAF\Security Operations | Q1: NTL\VPAF\VP Finance and Administration | R1: NTL\VPAF\Campus Planning & Operations | S1: NTL\VPAF\Budget and Planning Operations | T1: NTL\VPAF\Bursar Operations | U1: NTL-AUX\VPAF\Business Office/Fin Operations | V1: NTL\VPCA\College Relations Operations | W1: NTL\VPEM\Student Financial Aid | X1: NTL\VPEM\International Student Services | Y1: NTL\VPEM\Admissions Services | Z1: NTL\VPEM\Registrar | AA1: NTL\VPEM\Dean Of Student Services | AB1: NTL\VPEM\Testing and Evaluation | AC1: NTL\VPISD\Computer Center Operations | AD1: NTL-Assoc\VPSA\Student Affairs-Life/Devel | AE1: NTL-Assoc\VPSA\Student Center/Student Activ | AF1: NTL-AUX\VPSA\Student Affairs & Serv | AG1: NTL-Assoc\VPSA\Student Activities | AH1: NTL-Assoc\VPSA\Student Union | AI1: NTL-ELC\VPSA\Center, Child Care | AJ1: NTL-Assoc\VPSA\Student Health Services | AK1: NTL-Assoc\VPSA\Special Programs | AL1: NTL-Assoc\VPSA\Communica/News, Photo, Video | AM1: NTL\VPSA\Student Affairs-Life/Devel | AN1: NTL\VPSA\Athletics & Recreation | AO1: NTL\VPSA\Ofc Students w/ Disabilities | AP1: NTL\VPSA\Student Affairs & Serv | AQ1: NTL-Assoc\VPSA\Communica/Editorial & Design | AR1: NTL-Assoc\VPSA\Special Services | AS1: NTL-AUX\VPSA\Student Affairs-Life/Devel | AT1: NTL-Assoc\VPSA\Athletics & Recreation | AU1: NTL-Assoc\VPSA\Special Projects | AV1: NTL-Assoc\VPSA\Stud. Affairs-Stud. Life&Devel | AW1: NTL\WSAS\Student Services | AX1: NTL\WSAS\Communications | AY1: NTL\WSAS\Fine & Performing Arts | AZ1: NTL\WSAS\English Language/Literature | BA1: NTL\WSAS\Art Gallery | BB1: NTL\WSAS\Philosophy | BC1: NTL\WSAS\Mathematics | BD1: NTL\WSAS\Center, Performing Arts | BE1: NTL\WSAS\Dean Of Liberal Arts | BF1: NTL\WSAS\Psychology | BG1: NTL\ZSB\Student Affairs Administration | BH1: NTL\ZSB\Graduate Programs | BI1: NTL\ZSB\Dean Of Business | BJ1: NTL\ZSB\Career Services Operations | BK1: NTL\ZSB\Counseling-Academic | BL1: NTL\ZSB\Economics | BM1: NTL\ZSB\Business PhD Program | BN1: NTL\ZSB\Statistics | BO1: NTL\ZSB\Real Estate | BP1: NTL\ZSB\Marketing | BQ1: NTL\ZSB\Management | BR1: NTL\ZSB\Law | BS1: NTL\ZSB\Accounting | BT1: NTL\ZSB\Executive Programs | BU1: NTL\ZSB\Center, Weissman Intl Business | BV1: NTL\ZSB\Center, Subotnick Fin Services | BW1: NTL\ZSB\Center, Lawrence Field/Sm Bus | BX1: NTL\ZSB\Institute, Newman RE | BY1: NTL\ZSB\Center, Student Entrprneurship | BZ1: NTL\ZSB\Entrepreneurship & Innovation
A2: Endowment Funds 3 | B2: Provost | C2: Schwartz Communication Inst. | D2: Career Services | E2: Library, Friends of | F2: Endowment Funds 3 | G2: Executive MPA | H2: Legal Office | I2: Administrative Overhead | J2: Administrative Management | K2: Administrative Management | L2: Exchange Account | M2: Administrative Management | N2: Exchange Account | O2: Administrative Management | P2: Administrative Management | Q2: Administrative Management | R2: Conference Center | S2: Administrative Management | T2: Administrative Management | U2: Office Supplies | V2: Real Estate Club | W2: Endowment Funds 3 | X2: Endowment Funds 3 | Y2: Endowment Funds 3 | Z2: VA Reporting Fee | AA2: Academic Support Services | AB2: Endowment Funds 3 | AC2: BCTC Hardware Replacement | AD2: Professional Fees-Auditing | AE2: Electricity | AF2: Food Pantry | AG2: PC not applicable | AH2: Administrative Overhead | AI2: Classroom Supplies & Materials | AJ2: Psychiatric Nurse Practitioner | AK2: Elections | AL2: PC not applicable | AM2: Endowment Funds 3 | AN2: Endowment Funds 3 | AO2: Students w/ Disabilities Srvcs | AP2: Student Affairs Division | AQ2: PC not applicable | AR2: PC not applicable | AS2: Commencement Ceremony | AT2: ATH-Athletic Office | AU2: PC not applicable | AV2: Accounting Unit Support | AW2: Graduate Career Service WSAS | AX2: SWUFE - WSAS | AY2: SWUFE - WSAS | AZ2: ENG 2100 Readers | BA2: Mishkin Art Gallery | BB2: SWUFE - WSAS | BC2: Master Financial Engineering | BD2: Concessions/Merchandise Income | BE2: Dean Weissman School | BF2: Endowment Funds 3 | BG2: Graduate Programs | BH2: ZSB Glob-Prog Funded Act. | BI2: Endowment Funds 3 | BJ2: Endowment Funds 3 | BK2: ZSB Glob-Prog Funded Act. | BL2: SWUFE PhD Program | BM2: SWUFE PhD Program | BN2: ZSB Glob-Prog Funded Act. | BO2: ZSB Glob-Prog Funded Act. | BP2: ZSB Glob-Prog Funded Act. | BQ2: ZSB Glob-Prog Funded Act. | BR2: ZSB Glob-Prog Funded Act. | BS2: ZSB Glob-Prog Funded Act. | BT2: Exe MBA Healthcare Admin | BU2: SWUFE 3+1 - Chengdu China | BV2: ZSB Glob-Prog Funded Act. | BW2: ZSB Glob-Prog Funded Act. | BX2: ZSB Glob-Prog Funded Act. | BY2: ZSB Glob-Prog Funded Act. | BZ2: ZSB Glob-Prog Funded Act.
E3: Library Miscellaneous | F3: Dean Marxe School | I3: CUNY Additional Resources | L3: Controller's Office | M3: Endowment Funds 3 | N3: Endowment Funds 3 | T3: Endowment Funds 3 | U3: Insurance | V3: Alumni Events | W3: Pell Admin/Enrollment Services | X3: SWUFE--EM Support Services | Z3: Endowment Funds 3 | AC3: Endowment Funds 3 | AD3: Office Supplies | AE3: Elevator Maintenance | AG3: Accounting Unit Support | AH3: PC not applicable | AI3: Advertising | AJ3: Cont. Health Beth Israel | AK3: Fringe Benefits | AL3: Administrative Overhead | AM3: Student Life | AN3: Athletics & Recreation Complex | AQ3: Administrative Overhead | AR3: ATH-Men's Baseball | AT3: Athletic Trainer | AU3: Accounting Unit Support | AV3: Professional Fees-Auditing | AY3: Fine & Prfrmg Arts Ticket Incm | AZ3: SWUFE - WSAS | BD3: BPAC Ticket Income | BE3: SWUFE - WSAS | BG3: ZSB Exe-Prog Funded Act. | BH3: Graduate Programs | BI3: Endowment Funds 4 | BJ3: ZSB Glob-Prog Funded Act. | BK3: ZSB Exe-Prog Funded Act. | BL3: Global Graduate Programs | BN3: ZSB Exe-Prog Funded Act. | BO3: ZSB Exe-Prog Funded Act. | BP3: ZSB Exe-Prog Funded Act. | BQ3: ZSB Exe-Prog Funded Act. | BR3: ZSB Exe-Prog Funded Act. | BS3: ZSB Exe-Prog Funded Act. | BT3: Executive MS HR Management | BU3: Weissman Center Intntnl Prgrm | BV3: ZSB Exe-Prog Funded Act. | BX3: ZSB Exe-Prog Funded Act. | BY3: ZSB Exe-Prog Funded Act. | BZ3: ZSB Exe-Prog Funded Act.
E4: Library Corporation | I4: Endowment Funds 3 | L4: Endowment Funds 3 | U4: Miscellaneous | V4: Endowment Funds 3 | AC4: BCTC Media Support | AD4: Furniture & Fixtures | AE4: Information Technology | AG4: Administrative Overhead | AH4: Elections | AI4: Accounting Unit Support | AJ4: Student Assistants | AK4: Accounting Unit Support | AL4: Accounting Unit Support | AM4: Administrative Overhead | AN4: Athletic Swimming Program | AQ4: Professional Fees-Auditing | AR4: ATH-Men's Basketball | AT4: ATH-Recreation/Intramurals | AU4: Professional Fees-Auditing | AV4: Administrative Overhead | BD4: Baruch Performing Arts Center | BE4: ENG 2100 Readers | BG4: ZSB Glob-Prog Funded Act. | BH4: SWUFE PhD Program | BI4: Online Business School Program | BJ4: ZSB Exe-Prog Funded Act. | BK4: Dean's Honors Ceremony | BL4: ZSB Exe-Prog Funded Act. | BN4: SWUFE 3+1 - Chengdu China | BO4: SWUFE 3+1 - Chengdu China | BP4: SWUFE 3+1 - Chengdu China | BQ4: SWUFE 3+1 - Chengdu China | BR4: SWUFE 3+1 - Chengdu China | BS4: SWUFE 3+1 - Chengdu China | BT4: Executive Business DBA | BU4: ZSB Glob-Prog Funded Act. | BV4: Subotnick Center | BX4: Newman Real Estate Institute | BZ4: SWUFE 3+1 - Chengdu China
E5: Endowment Funds 3 | U5: Postage | AD5: Office Manager Salary | AE5: Student Assistants | AG5: Professional Fees-Auditing | AH5: Professional Fees-Auditing | AI5: Fringe Benefits | AJ5: Professional Fees-Auditing | AK5: Administrative Overhead | AL5: Professional Fees-Auditing | AQ5: Accounting Unit Support | AT5: Student Aides | AU5: Administrative Overhead | AV5: PC not applicable | BE5: Endowment Funds 3 | BH5: SWUFE 3+1 - Chengdu China | BI5: SWUFE 3+1 - Chengdu China | BJ5: Graduate Programs | BK5: SWUFE 3+1 - Chengdu China | BL5: SWUFE 3+1 - Chengdu China | BQ5: Sigma Iota Epsilon | BS5: Endowment Funds 3 | BT5: Executive MBA
U6: Legal Services | AD6: Graduate Assistants | AE6: Professional Fees-Auditing | AH6: Accounting Unit Support | AI6: P/T Aides | AJ6: Office Supplies | AK6: PC not applicable | AT6: Fringe Benefits | BH6: ZSB Exe-Prog Funded Act. | BI6: Non-Exe/Global Marketing Expns | BL6: Economics Dept.-Microstructure | BT6: ZSB Glob-Prog Funded Act.
U7: Professional Fees-Auditing | AD7: Student Assistants | AE7: Office Supplies | AH7: Fringe Benefits | AI7: Assistant Teachers | AJ7: Furniture & Fixtures | AK7: Professional Fees-Auditing | AT7: Accounting Unit Support | BI7: Schwartz Faculty Activity | BT7: ZSB Exe-Prog Funded Act.
U8: Software | AD8: Overtime | AE8: Insurance | AH8: Bursar | AI8: Head Teacher\Director | AJ8: Equipment | AT8: Insurance | BI8: RZicklin Center Corp Integrity | BT8: Executive MS Finance
U9: Payroll Service | AD9: Accounting Unit Support | AE9: Furniture & Fixtures | AI9: Trips | AJ9: Accounting Unit Support | AT9: Professional Fees-Auditing | BI9: ZSB Exe-Prog Funded Act.
U10: PC not applicable | AD10: Fringe Benefits | AE10: Fringe Benefits | AI10: Events | AJ10: Fringe Benefits | AT10: Photography | BI10: ZSB Glob-Prog Funded Act.
U11: Fringe Benefits | AD11: Student Life Equipment | AE11: Cleaners | AI11: Fees & Permits | AJ11: Wellness Coordinator | AT11: Student-Athlete Advisory Comm | BI11: Global Graduate Programs
AD12: Staff Development | AE12: Accounting Unit Support | AI12: Insurance | AJ12: Staff Development | AT12: Intercollegiate Teams
AD13: Community Building Event | AE13: Maintenance supplies | AI13: Miscellaneous | AJ13: Medical Supplies | AT13: ARC Maintenance Supplies
AD14: Leadership Development Program | AE14: Public Safety | AI14: Postage | AJ14: Health fair, Wellness Days | AT14: Coaching Salaries
AD15: Director of Student Activities | AE15: Security Deposits | AI15: Retroactive Salaries | AJ15: Health & Wellness Assc Dr | AT15: Administrative Overhead
AD16: Equipment | AE16: Skilled Trades | AI16: Fire Main. Equip. Contract | AJ16: APA Training Psychologist | AT16: PC not applicable
AD17: Computer Equipment | AE17: Lease Payments | AI17: Head Teacher | AJ17: PC not applicable
AD18: Maintenance Supplies | AE18: Administrative Overhead | AI18: Custodial Staff Salaries | AJ18: Administrative Overhead
AD19: Computer Specialist | AE19: Community Building Event | AI19: Subscriptions/Memberships | AJ19: Part time coordinator
AD20: General Supplies | AE20: Student Life Building Manager | AI20: Refreshments
AD21: PC not applicable | AE21: Miscellaneous | AI21: Professional Fees-Auditing
AD22: CUNYFirst Specialist | AI22: Staff Development
AD23: Administrative Overhead
AD24: Team Baruch Training
AD25: Cleaners
AD26: SCB-Cultural Events

Sheet Level 5
A1: NTL\Acad Aff\Academic Advisement\Endowment Funds 3 | B1: NTL\Acad Aff\Provost Operations\Provost | C1: NTL\Acad Aff\Office for Teaching & Learning\Schwartz Communication Inst. | D1: NTL\Acad Aff\Student Placement Office\Career Services | E1: NTL\Library\Library\Library, Friends of | F1: NTL\Library\Library\Library Miscellaneous | G1: NTL\Library\Library\Library Corporation | H1: NTL\Library\Library\Endowment Funds 3 | I1: NTL\MSPIA\Dean School of Public Affairs\Endowment Funds 3 | J1: NTL\MSPIA\Public Affairs\Executive MPA | K1: NTL\MSPIA\Dean School of Public Affairs\Dean Marxe School | L1: NTL\President\Legal Services\Legal Office | M1: NTL\President\President\Administrative Overhead | N1: NTL\President\President\CUNY Additional Resources | O1: NTL\President\President\Endowment Funds 3 | P1: NTL\VPAF\Facilities Planning Operations\Administrative Management | Q1: NTL\VPAF\Human Resources Operations\Administrative Management | R1: NTL\VPAF\Accounting Operations\Exchange Account | S1: NTL\VPAF\Facility Maintenance Operation\Administrative Management | T1: NTL\VPAF\Accounting Operations\Controller's Office | U1: NTL\VPAF\Business Office/Fin Operations\Exchange Account | V1: NTL\VPAF\Purchasing\Administrative Management | W1: NTL\VPAF\Security Operations\Administrative Management | X1: NTL\VPAF\VP Finance and Administration\Administrative Management | Y1: NTL\VPAF\Campus Planning & Operations\Conference Center | Z1: NTL\VPAF\Budget and Planning Operations\Administrative Management | AA1: NTL\VPAF\Bursar Operations\Administrative Management | AB1: NTL-AUX\VPAF\Business Office/Fin Operations\Office Supplies | AC1: NTL-AUX\VPAF\Business Office/Fin Operations\Insurance | AD1: NTL-AUX\VPAF\Business Office/Fin Operations\Miscellaneous | AE1: NTL-AUX\VPAF\Business Office/Fin Operations\Postage | AF1: NTL-AUX\VPAF\Business Office/Fin Operations\Legal Services | AG1: NTL-AUX\VPAF\Business Office/Fin Operations\Professional Fees-Auditing | AH1: NTL-AUX\VPAF\Business Office/Fin Operations\Software | AI1: NTL-AUX\VPAF\Business Office/Fin Operations\Payroll Service | AJ1: NTL-AUX\VPAF\Business Office/Fin Operations\PC not applicable | AK1: NTL-AUX\VPAF\Business Office/Fin Operations\Fringe Benefits | AL1: NTL\VPAF\Facility Maintenance Operation\Endowment Funds 3 | AM1: NTL\VPAF\Business Office/Fin Operations\Endowment Funds 3 | AN1: NTL\VPAF\Bursar Operations\Endowment Funds 3 | AO1: NTL\VPAF\Accounting Operations\Endowment Funds 3 | AP1: NTL\VPCA\College Relations Operations\Real Estate Club | AQ1: NTL\VPCA\College Relations Operations\Alumni Events | AR1: NTL\VPCA\College Relations Operations\Endowment Funds 3 | AS1: NTL\VPEM\Student Financial Aid\Endowment Funds 3 | AT1: NTL\VPEM\International Student Services\Endowment Funds 3 | AU1: NTL\VPEM\Admissions Services\Endowment Funds 3 | AV1: NTL\VPEM\Registrar\VA Reporting Fee | AW1: NTL\VPEM\International Student Services\SWUFE--EM Support Services | AX1: NTL\VPEM\Registrar\Endowment Funds 3 | AY1: NTL\VPEM\Dean Of Student Services\Academic Support Services | AZ1: NTL\VPEM\Testing and Evaluation\Endowment Funds 3 | BA1: NTL\VPEM\Student Financial Aid\Pell Admin/Enrollment Services | BB1: NTL\VPISD\Computer Center Operations\BCTC Hardware Replacement | BC1: NTL\VPISD\Computer Center Operations\Endowment Funds 3 | BD1: NTL\VPISD\Computer Center Operations\BCTC Media Support | BE1: NTL-Assoc\VPSA\Student Affairs-Life/Devel\Professional Fees-Auditing | BF1: NTL-Assoc\VPSA\Student Affairs-Life/Devel\Office Supplies | BG1: NTL-Assoc\VPSA\Student Affairs-Life/Devel\Furniture & Fixtures | BH1: NTL-Assoc\VPSA\Student Affairs-Life/Devel\Office Manager Salary | BI1: NTL-Assoc\VPSA\Student Affairs-Life/Devel\Graduate Assistants | BJ1: NTL-Assoc\VPSA\Student Affairs-Life/Devel\Student Assistants | BK1: NTL-Assoc\VPSA\Student Affairs-Life/Devel\Overtime | BL1: NTL-Assoc\VPSA\Student Affairs-Life/Devel\Accounting Unit Support | BM1: NTL-Assoc\VPSA\Student Affairs-Life/Devel\Fringe Benefits | BN1: NTL-Assoc\VPSA\Student Affairs-Life/Devel\Student Life Equipment | BO1: NTL-Assoc\VPSA\Student Affairs-Life/Devel\Staff Development | BP1: NTL-Assoc\VPSA\Student Affairs-Life/Devel\Community Building Event | BQ1: NTL-Assoc\VPSA\Student Affairs-Life/Devel\Leadership Development Program | BR1: NTL-Assoc\VPSA\Student Affairs-Life/Devel\Director of Student Activities | BS1: NTL-Assoc\VPSA\Student Affairs-Life/Devel\Equipment | BT1: NTL-Assoc\VPSA\Student Affairs-Life/Devel\Computer Equipment | BU1: NTL-Assoc\VPSA\Student Center/Student Activ\Electricity | BV1: NTL-Assoc\VPSA\Student Affairs-Life/Devel\Maintenance Supplies | BW1: NTL-Assoc\VPSA\Student Center/Student Activ\Elevator Maintenance | BX1: NTL-Assoc\VPSA\Student Affairs-Life/Devel\Computer Specialist | BY1: NTL-Assoc\VPSA\Student Center/Student Activ\Information Technology | BZ1: NTL-Assoc\VPSA\Student Center/Student Activ\Student Assistants | CA1: NTL-Assoc\VPSA\Student Center/Student Activ\Professional Fees-Auditing | CB1: NTL-Assoc\VPSA\Student Center/Student Activ\Office Supplies | CC1: NTL-Assoc\VPSA\Student Center/Student Activ\Insurance | CD1: NTL-Assoc\VPSA\Student Affairs-Life/Devel\General Supplies | CE1: NTL-Assoc\VPSA\Student Center/Student Activ\Furniture & Fixtures | CF1: NTL-Assoc\VPSA\Student Center/Student Activ\Fringe Benefits | CG1: NTL-Assoc\VPSA\Student Center/Student Activ\Cleaners | CH1: NTL-Assoc\VPSA\Student Affairs-Life/Devel\PC not applicable | CI1: NTL-Assoc\VPSA\Student Affairs-Life/Devel\CUNYFirst Specialist | CJ1: NTL-Assoc\VPSA\Student Affairs-Life/Devel\Administrative Overhead | CK1: NTL-Assoc\VPSA\Student Affairs-Life/Devel\Team Baruch Training | CL1: NTL-Assoc\VPSA\Student Center/Student Activ\Accounting Unit Support | CM1: NTL-Assoc\VPSA\Student Affairs-Life/Devel\Cleaners | CN1: NTL-AUX\VPSA\Student Affairs & Serv\Food Pantry | CO1: NTL-Assoc\VPSA\Student Activities\PC not applicable | CP1: NTL-Assoc\VPSA\Student Center/Student Activ\Maintenance supplies | CQ1: NTL-Assoc\VPSA\Student Center/Student Activ\Public Safety | CR1: NTL-Assoc\VPSA\Student Union\Administrative Overhead | CS1: NTL-Assoc\VPSA\Student Center/Student Activ\Security Deposits | CT1: NTL-ELC\VPSA\Center, Child Care\Classroom Supplies & Materials | CU1: NTL-ELC\VPSA\Center, Child Care\Advertising | CV1: NTL-ELC\VPSA\Center, Child Care\Accounting Unit Support | CW1: NTL-ELC\VPSA\Center, Child Care\Fringe Benefits | CX1: NTL-ELC\VPSA\Center, Child Care\P/T Aides | CY1: NTL-ELC\VPSA\Center, Child Care\Assistant Teachers | CZ1: NTL-ELC\VPSA\Center, Child Care\Head Teacher\Director | DA1: NTL-ELC\VPSA\Center, Child Care\Trips | DB1: NTL-ELC\VPSA\Center, Child Care\Events | DC1: NTL-ELC\VPSA\Center, Child Care\Fees & Permits | DD1: NTL-Assoc\VPSA\Student Health Services\Psychiatric Nurse Practitioner | DE1: NTL-Assoc\VPSA\Special Programs\Elections | DF1: NTL-Assoc\VPSA\Communica/News, Photo, Video\PC not applicable | DG1: NTL-ELC\VPSA\Center, Child Care\Insurance | DH1: NTL-ELC\VPSA\Center, Child Care\Miscellaneous | DI1: NTL-ELC\VPSA\Center, Child Care\Postage | DJ1: NTL\VPSA\Student Affairs-Life/Devel\Endowment Funds 3 | DK1: NTL\VPSA\Athletics & Recreation\Endowment Funds 3 | DL1: NTL\VPSA\Ofc Students w/ Disabilities\Students w/ Disabilities Srvcs | DM1: NTL\VPSA\Student Affairs-Life/Devel\Student Life | DN1: NTL\VPSA\Student Affairs-Life/Devel\Administrative Overhead | DO1: NTL\VPSA\Student Affairs & Serv\Student Affairs Division | DP1: NTL\VPSA\Athletics & Recreation\Athletics & Recreation Complex | DQ1: NTL\VPSA\Athletics & Recreation\Athletic Swimming Program | DR1: NTL-ELC\VPSA\Center, Child Care\Retroactive Salaries | DS1: NTL-ELC\VPSA\Center, Child Care\Fire Main. Equip. Contract | DT1: NTL-ELC\VPSA\Center, Child Care\Head Teacher | DU1: NTL-ELC\VPSA\Center, Child Care\Custodial Staff Salaries | DV1: NTL-ELC\VPSA\Center, Child Care\Subscriptions/Memberships | DW1: NTL-ELC\VPSA\Center, Child Care\Refreshments | DX1: NTL-ELC\VPSA\Center, Child Care\Professional Fees-Auditing | DY1: NTL-ELC\VPSA\Center, Child Care\Staff Development | DZ1: NTL-Assoc\VPSA\Student Center/Student Activ\Skilled Trades | EA1: NTL-Assoc\VPSA\Communica/News, Photo, Video\Administrative Overhead | EB1: NTL-Assoc\VPSA\Communica/News, Photo, Video\Accounting Unit Support | EC1: NTL-Assoc\VPSA\Student Health Services\Cont. Health Beth Israel | ED1: NTL-Assoc\VPSA\Student Health Services\Student Assistants | EE1: NTL-Assoc\VPSA\Student Health Services\Professional Fees-Auditing | EF1: NTL-Assoc\VPSA\Student Health Services\Office Supplies | EG1: NTL-Assoc\VPSA\Student Health Services\Furniture & Fixtures | EH1: NTL-Assoc\VPSA\Student Health Services\Equipment | EI1: NTL-Assoc\VPSA\Student Health Services\Accounting Unit Support | EJ1: NTL-Assoc\VPSA\Student Health Services\Fringe Benefits | EK1: NTL-Assoc\VPSA\Student Health Services\Wellness Coordinator | EL1: NTL-Assoc\VPSA\Student Health Services\Staff Development | EM1: NTL-Assoc\VPSA\Student Center/Student Activ\Lease Payments | EN1: NTL-Assoc\VPSA\Student Center/Student Activ\Administrative Overhead | EO1: NTL-Assoc\VPSA\Student Center/Student Activ\Community Building Event | EP1: NTL-Assoc\VPSA\Student Center/Student Activ\Student Life Building Manager | EQ1: NTL-Assoc\VPSA\Student Center/Student Activ\Miscellaneous | ER1: NTL-Assoc\VPSA\Student Health Services\Medical Supplies | ES1: NTL-Assoc\VPSA\Student Health Services\Health fair, Wellness Days | ET1: NTL-Assoc\VPSA\Student Health Services\Health & Wellness Assc Dr | EU1: NTL-Assoc\VPSA\Student Health Services\APA Training Psychologist | EV1: NTL-Assoc\VPSA\Communica/Editorial & Design\PC not applicable | EW1: NTL-Assoc\VPSA\Communica/Editorial & Design\Administrative Overhead | EX1: NTL-Assoc\VPSA\Communica/Editorial & Design\Professional Fees-Auditing | EY1: NTL-Assoc\VPSA\Communica/Editorial & Design\Accounting Unit Support | EZ1: NTL-Assoc\VPSA\Student Union\PC not applicable | FA1: NTL-Assoc\VPSA\Communica/News, Photo, Video\Professional Fees-Auditing | FB1: NTL-Assoc\VPSA\Student Union\Elections | FC1: NTL-Assoc\VPSA\Student Union\Professional Fees-Auditing | FD1: NTL-Assoc\VPSA\Student Union\Accounting Unit Support | FE1: NTL-Assoc\VPSA\Student Union\Fringe Benefits | FF1: NTL-Assoc\VPSA\Student Health Services\PC not applicable | FG1: NTL-Assoc\VPSA\Student Health Services\Administrative Overhead | FH1: NTL-Assoc\VPSA\Student Health Services\Part time coordinator | FI1: NTL-Assoc\VPSA\Student Union\Bursar | FJ1: NTL-Assoc\VPSA\Student Affairs-Life/Devel\SCB-Cultural Events | FK1: NTL-Assoc\VPSA\Special Services\PC not applicable | FL1: NTL-AUX\VPSA\Student Affairs-Life/Devel\Commencement Ceremony | FM1: NTL-Assoc\VPSA\Athletics & Recreation\ATH-Athletic Office | FN1: NTL-Assoc\VPSA\Athletics & Recreation\Athletic Trainer | FO1: NTL-Assoc\VPSA\Athletics & Recreation\ATH-Recreation/Intramurals | FP1: NTL-Assoc\VPSA\Athletics & Recreation\Student Aides | FQ1: NTL-Assoc\VPSA\Athletics & Recreation\Fringe Benefits | FR1: NTL-Assoc\VPSA\Athletics & Recreation\Accounting Unit Support | FS1: NTL-Assoc\VPSA\Athletics & Recreation\Insurance | FT1: NTL-Assoc\VPSA\Athletics & Recreation\Professional Fees-Auditing | FU1: NTL-Assoc\VPSA\Special Projects\PC not applicable | FV1: NTL-Assoc\VPSA\Special Services\ATH-Men's Baseball | FW1: NTL-Assoc\VPSA\Special Services\ATH-Men's Basketball | FX1: NTL-Assoc\VPSA\Athletics & Recreation\Photography | FY1: NTL-Assoc\VPSA\Athletics & Recreation\Student-Athlete Advisory Comm | FZ1: NTL-Assoc\VPSA\Athletics & Recreation\Intercollegiate Teams | GA1: NTL-Assoc\VPSA\Athletics & Recreation\ARC Maintenance Supplies | GB1: NTL-Assoc\VPSA\Athletics & Recreation\Coaching Salaries | GC1: NTL-Assoc\VPSA\Athletics & Recreation\Administrative Overhead | GD1: NTL-Assoc\VPSA\Athletics & Recreation\PC not applicable | GE1: NTL-Assoc\VPSA\Special Programs\Fringe Benefits | GF1: NTL-Assoc\VPSA\Special Programs\Accounting Unit Support | GG1: NTL-Assoc\VPSA\Special Programs\Administrative Overhead | GH1: NTL-Assoc\VPSA\Special Programs\PC not applicable | GI1: NTL-Assoc\VPSA\Special Projects\Accounting Unit Support | GJ1: NTL-Assoc\VPSA\Special Projects\Professional Fees-Auditing | GK1: NTL-Assoc\VPSA\Special Projects\Administrative Overhead | GL1: NTL-Assoc\VPSA\Special Programs\Professional Fees-Auditing | GM1: NTL-Assoc\VPSA\Stud. Affairs-Stud. Life&Devel\Accounting Unit Support | GN1: NTL-Assoc\VPSA\Stud. Affairs-Stud. Life&Devel\Professional Fees-Auditing | GO1: NTL-Assoc\VPSA\Stud. Affairs-Stud. Life&Devel\Administrative Overhead | GP1: NTL-Assoc\VPSA\Student Activities\Accounting Unit Support | GQ1: NTL-Assoc\VPSA\Stud. Affairs-Stud. Life&Devel\PC not applicable | GR1: NTL-Assoc\VPSA\Student Activities\Administrative Overhead | GS1: NTL-Assoc\VPSA\Student Activities\Professional Fees-Auditing | GT1: NTL\WSAS\Student Services\Graduate Career Service WSAS | GU1: NTL\WSAS\Communications\SWUFE - WSAS | GV1: NTL\WSAS\Fine & Performing Arts\SWUFE - WSAS | GW1: NTL\WSAS\Fine & Performing Arts\Fine & Prfrmg Arts Ticket Incm | GX1: NTL\WSAS\English Language/Literature\ENG 2100 Readers | GY1: NTL\WSAS\Art Gallery\Mishkin Art Gallery | GZ1: NTL\WSAS\Philosophy\SWUFE - WSAS | HA1: NTL\WSAS\Mathematics\Master Financial Engineering | HB1: NTL\WSAS\Center, Performing Arts\Concessions/Merchandise Income | HC1: NTL\WSAS\Center, Performing Arts\BPAC Ticket Income | HD1: NTL\WSAS\Center, Performing Arts\Baruch Performing Arts Center | HE1: NTL\WSAS\Dean Of Liberal Arts\Dean Weissman School | HF1: NTL\WSAS\Dean Of Liberal Arts\SWUFE - WSAS | HG1: NTL\WSAS\Psychology\Endowment Funds 3 | HH1: NTL\WSAS\Dean Of Liberal Arts\ENG 2100 Readers | HI1: NTL\WSAS\Dean Of Liberal Arts\Endowment Funds 3 | HJ1: NTL\WSAS\English Language/Literature\SWUFE - WSAS | HK1: NTL\ZSB\Student Affairs Administration\Graduate Programs | HL1: NTL\ZSB\Student Affairs Administration\ZSB Exe-Prog Funded Act. | HM1: NTL\ZSB\Student Affairs Administration\ZSB Glob-Prog Funded Act. | HN1: NTL\ZSB\Graduate Programs\ZSB Glob-Prog Funded Act. | HO1: NTL\ZSB\Graduate Programs\Graduate Programs | HP1: NTL\ZSB\Graduate Programs\SWUFE PhD Program | HQ1: NTL\ZSB\Graduate Programs\SWUFE 3+1 - Chengdu China | HR1: NTL\ZSB\Graduate Programs\ZSB Exe-Prog Funded Act. | HS1: NTL\ZSB\Dean Of Business\Endowment Funds 3 | HT1: NTL\ZSB\Dean Of Business\Endowment Funds 4 | HU1: NTL\ZSB\Career Services Operations\Endowment Funds 3 | HV1: NTL\ZSB\Counseling-Academic\ZSB Glob-Prog Funded Act. | HW1: NTL\ZSB\Counseling-Academic\ZSB Exe-Prog Funded Act. | HX1: NTL\ZSB\Economics\SWUFE PhD Program | HY1: NTL\ZSB\Counseling-Academic\Dean's Honors Ceremony | HZ1: NTL\ZSB\Dean Of Business\Online Business School Program | IA1: NTL\ZSB\Dean Of Business\SWUFE 3+1 - Chengdu China | IB1: NTL\ZSB\Dean Of Business\Non-Exe/Global Marketing Expns | IC1: NTL\ZSB\Dean Of Business\Schwartz Faculty Activity | ID1: NTL\ZSB\Dean Of Business\RZicklin Center Corp Integrity | IE1: NTL\ZSB\Business PhD Program\SWUFE PhD Program | IF1: NTL\ZSB\Statistics\ZSB Glob-Prog Funded Act. | IG1: NTL\ZSB\Statistics\ZSB Exe-Prog Funded Act. | IH1: NTL\ZSB\Statistics\SWUFE 3+1 - Chengdu China | II1: NTL\ZSB\Real Estate\ZSB Glob-Prog Funded Act. | IJ1: NTL\ZSB\Real Estate\ZSB Exe-Prog Funded Act. | IK1: NTL\ZSB\Real Estate\SWUFE 3+1 - Chengdu China | IL1: NTL\ZSB\Marketing\ZSB Glob-Prog Funded Act. | IM1: NTL\ZSB\Marketing\ZSB Exe-Prog Funded Act. | IN1: NTL\ZSB\Dean Of Business\ZSB Exe-Prog Funded Act. | IO1: NTL\ZSB\Marketing\SWUFE 3+1 - Chengdu China | IP1: NTL\ZSB\Management\ZSB Glob-Prog Funded Act. | IQ1: NTL\ZSB\Management\ZSB Exe-Prog Funded Act. | IR1: NTL\ZSB\Management\SWUFE 3+1 - Chengdu China | IS1: NTL\ZSB\Management\Sigma Iota Epsilon | IT1: NTL\ZSB\Law\ZSB Glob-Prog Funded Act. | IU1: NTL\ZSB\Law\ZSB Exe-Prog Funded Act. | IV1: NTL\ZSB\Law\SWUFE 3+1 - Chengdu China | IW1: NTL\ZSB\Economics\Global Graduate Programs | IX1: NTL\ZSB\Economics\ZSB Exe-Prog Funded Act. | IY1: NTL\ZSB\Economics\SWUFE 3+1 - Chengdu China | IZ1: NTL\ZSB\Economics\Economics Dept.-Microstructure | JA1: NTL\ZSB\Accounting\ZSB Glob-Prog Funded Act. | JB1: NTL\ZSB\Accounting\ZSB Exe-Prog Funded Act. | JC1: NTL\ZSB\Accounting\SWUFE 3+1 - Chengdu China | JD1: NTL\ZSB\Counseling-Academic\SWUFE 3+1 - Chengdu China | JE1: NTL\ZSB\Dean Of Business\ZSB Glob-Prog Funded Act. | JF1: NTL\ZSB\Career Services Operations\ZSB Glob-Prog Funded Act. | JG1: NTL\ZSB\Career Services Operations\ZSB Exe-Prog Funded Act. | JH1: NTL\ZSB\Career Services Operations\Graduate Programs | JI1: NTL\ZSB\Executive Programs\Exe MBA Healthcare Admin | JJ1: NTL\ZSB\Executive Programs\Executive MS HR Management | JK1: NTL\ZSB\Executive Programs\Executive Business DBA | JL1: NTL\ZSB\Executive Programs\Executive MBA | JM1: NTL\ZSB\Executive Programs\ZSB Glob-Prog Funded Act. | JN1: NTL\ZSB\Executive Programs\ZSB Exe-Prog Funded Act. | JO1: NTL\ZSB\Executive Programs\Executive MS Finance | JP1: NTL\ZSB\Dean Of Business\Global Graduate Programs | JQ1: NTL\ZSB\Center, Weissman Intl Business\SWUFE 3+1 - Chengdu China | JR1: NTL\ZSB\Center, Weissman Intl Business\Weissman Center Intntnl Prgrm | JS1: NTL\ZSB\Center, Subotnick Fin Services\ZSB Glob-Prog Funded Act. | JT1: NTL\ZSB\Center, Subotnick Fin Services\ZSB Exe-Prog Funded Act. | JU1: NTL\ZSB\Center, Subotnick Fin Services\Subotnick Center | JV1: NTL\ZSB\Center, Lawrence Field/Sm Bus\ZSB Glob-Prog Funded Act. | JW1: NTL\ZSB\Institute, Newman RE\ZSB Glob-Prog Funded Act. | JX1: NTL\ZSB\Institute, Newman RE\ZSB Exe-Prog Funded Act. | JY1: NTL\ZSB\Institute, Newman RE\Newman Real Estate Institute | JZ1: NTL\ZSB\Center, Student Entrprneurship\ZSB Glob-Prog Funded Act. | KA1: NTL\ZSB\Center, Student Entrprneurship\ZSB Exe-Prog Funded Act. | KB1: NTL\ZSB\Entrepreneurship & Innovation\ZSB Glob-Prog Funded Act. | KC1: NTL\ZSB\Entrepreneurship & Innovation\ZSB Exe-Prog Funded Act. | KD1: NTL\ZSB\Entrepreneurship & Innovation\SWUFE 3+1 - Chengdu China | KE1: NTL\ZSB\Center, Weissman Intl Business\ZSB Glob-Prog Funded Act. | KF1: NTL\ZSB\Accounting\Endowment Funds 3
A2: Endowment Funds (20-90) | B2: Provost (20-10) | C2: Provost (20-10) | D2: Student Affairs (20-20) | E2: Library (20-40) | F2: Library (20-40) | G2: Library (20-40) | H2: Endowment Funds (20-90) | I2: Endowment Funds (20-90) | J2: Exe & Global MSPIA (30-35) | K2: Marxe School (20-35) | L2: President (20-03) | M2: President (20-03) | N2: President (20-03) | O2: Endowment Funds (20-90) | P2: Admin & Finance(20-15) | Q2: Admin & Finance(20-15) | R2: Admin & Finance(20-15) | S2: Admin & Finance(20-15) | T2: Admin & Finance(20-15) | U2: Admin & Finance(20-15) | V2: Admin & Finance(20-15) | W2: Admin & Finance(20-15) | X2: Admin & Finance(20-15) | Y2: Admin & Finance(20-15) | Z2: Admin & Finance(20-15) | AA2: Admin & Finance(20-15) | AB2: Supporting Services | AC2: Supporting Services | AD2: Supporting Services | AE2: Supporting Services | AF2: Supporting Services | AG2: Supporting Services | AH2: Supporting Services | AI2: Supporting Services | AJ2: Supporting Services | AK2: Supporting Services | AL2: Endowment Funds (20-90) | AM2: Endowment Funds (20-90) | AN2: Endowment Funds (20-90) | AO2: Endowment Funds (20-90) | AP2: College Advancement (20-08) | AQ2: College Advancement (20-08) | AR2: Endowment Funds (20-90) | AS2: Endowment Funds (20-90) | AT2: Endowment Funds (20-90) | AU2: Endowment Funds (20-90) | AV2: Enrollment Mngmt (20-20) | AW2: Enrollment Mngmt (20-20) | AX2: Endowment Funds (20-90) | AY2: Enrollment Mngmt (20-20) | AZ2: Endowment Funds (20-90) | BA2: Enrollment Mngmt (20-20) | BB2: VP for Information Services | BC2: Endowment Funds (20-90) | BD2: VP for Information Services | BE2: FS not applicable | BF2: FS not applicable | BG2: FS not applicable | BH2: FS not applicable | BI2: FS not applicable | BJ2: FS not applicable | BK2: FS not applicable | BL2: FS not applicable | BM2: FS not applicable | BN2: FS not applicable | BO2: FS not applicable | BP2: FS not applicable | BQ2: FS not applicable | BR2: FS not applicable | BS2: FS not applicable | BT2: FS not applicable | BU2: FS not applicable | BV2: FS not applicable | BW2: FS not applicable | BX2: FS not applicable | BY2: FS not applicable | BZ2: FS not applicable | CA2: FS not applicable | CB2: FS not applicable | CC2: FS not applicable | CD2: FS not applicable | CE2: FS not applicable | CF2: FS not applicable | CG2: FS not applicable | CH2: FS not applicable | CI2: FS not applicable | CJ2: FS not applicable | CK2: FS not applicable | CL2: FS not applicable | CM2: FS not applicable | CN2: FS not applicable | CO2: Cinematic Arts Society | CP2: FS not applicable | CQ2: FS not applicable | CR2: FS not applicable | CS2: FS not applicable | CT2: FS not applicable | CU2: FS not applicable | CV2: FS not applicable | CW2: FS not applicable | CX2: FS not applicable | CY2: FS not applicable | CZ2: FS not applicable | DA2: FS not applicable | DB2: FS not applicable | DC2: FS not applicable | DD2: FS not applicable | DE2: FS not applicable | DF2: FS not applicable | DG2: FS not applicable | DH2: FS not applicable | DI2: FS not applicable | DJ2: Endowment Funds (20-90) | DK2: Endowment Funds (20-90) | DL2: Student Affairs (20-20) | DM2: Student Affairs (20-20) | DN2: President (20-03) | DO2: Student Affairs (20-20) | DP2: Student Affairs (20-20) | DQ2: Student Affairs (20-20) | DR2: FS not applicable | DS2: FS not applicable | DT2: FS not applicable | DU2: FS not applicable | DV2: FS not applicable | DW2: FS not applicable | DX2: FS not applicable | DY2: FS not applicable | DZ2: FS not applicable | EA2: FS not applicable | EB2: FS not applicable | EC2: FS not applicable | ED2: FS not applicable | EE2: FS not applicable | EF2: FS not applicable | EG2: FS not applicable | EH2: FS not applicable | EI2: FS not applicable | EJ2: FS not applicable | EK2: FS not applicable | EL2: FS not applicable | EM2: FS not applicable | EN2: FS not applicable | EO2: FS not applicable | EP2: FS not applicable | EQ2: FS not applicable | ER2: FS not applicable | ES2: FS not applicable | ET2: FS not applicable | EU2: FS not applicable | EV2: FS not applicable | EW2: FS not applicable | EX2: FS not applicable | EY2: FS not applicable | EZ2: FS not applicable | FA2: FS not applicable | FB2: FS not applicable | FC2: FS not applicable | FD2: FS not applicable | FE2: FS not applicable | FF2: FS not applicable | FG2: FS not applicable | FH2: FS not applicable | FI2: FS not applicable | FJ2: FS not applicable | FK2: Golden Key | FL2: Student Services | FM2: Athletic - Other | FN2: Athletic - Other | FO2: Athletic - Other | FP2: Athletic - Other | FQ2: Athletic - Other | FR2: FS not applicable | FS2: Athletic - Other | FT2: FS not applicable | FU2: Grad MIA Club | FV2: Athletic Teams | FW2: Athletic Teams | FX2: Athletic - Other | FY2: Athletic - Other | FZ2: Athletic - Other | GA2: Athletic - Other | GB2: Athletic - Other | GC2: FS not applicable | GD2: FS not applicable | GE2: FS not applicable | GF2: FS not applicable | GG2: FS not applicable | GH2: Grad Student Assembly | GI2: FS not applicable | GJ2: FS not applicable | GK2: FS not applicable | GL2: FS not applicable | GM2: FS not applicable | GN2: FS not applicable | GO2: FS not applicable | GP2: FS not applicable | GQ2: Programming Board | GR2: FS not applicable | GS2: FS not applicable | GT2: Weissman School (20-30) | GU2: Weissman School (20-30) | GV2: Weissman School (20-30) | GW2: Weissman School (20-30) | GX2: Weissman School (20-30) | GY2: Weissman School (20-30) | GZ2: Weissman School (20-30) | HA2: Weissman School (20-30) | HB2: Weissman School (20-30) | HC2: Weissman School (20-30) | HD2: Weissman School (20-30) | HE2: Weissman School (20-30) | HF2: Weissman School (20-30) | HG2: Endowment Funds (20-90) | HH2: Weissman School (20-30) | HI2: Endowment Funds (20-90) | HJ2: Weissman School (20-30) | HK2: Zicklin School (20-25) | HL2: Exe & Global Zicklin (30-25) | HM2: Exe & Global Zicklin (30-25) | HN2: Exe & Global Zicklin (30-25) | HO2: Zicklin School (20-25) | HP2: Zicklin School (20-25) | HQ2: Zicklin School (20-25) | HR2: Exe & Global Zicklin (30-25) | HS2: Endowment Funds (20-90) | HT2: Endowment Funds (20-90) | HU2: Endowment Funds (20-90) | HV2: Exe & Global Zicklin (30-25) | HW2: Exe & Global Zicklin (30-25) | HX2: Zicklin School (20-25) | HY2: Zicklin School (20-25) | HZ2: Zicklin School (20-25) | IA2: Zicklin School (20-25) | IB2: Zicklin School (20-25) | IC2: Zicklin School (20-25) | ID2: Zicklin School (20-25) | IE2: Zicklin School (20-25) | IF2: Exe & Global Zicklin (30-25) | IG2: Exe & Global Zicklin (30-25) | IH2: Zicklin School (20-25) | II2: Exe & Global Zicklin (30-25) | IJ2: Exe & Global Zicklin (30-25) | IK2: Zicklin School (20-25) | IL2: Exe & Global Zicklin (30-25) | IM2: Exe & Global Zicklin (30-25) | IN2: Exe & Global Zicklin (30-25) | IO2: Zicklin School (20-25) | IP2: Exe & Global Zicklin (30-25) | IQ2: Exe & Global Zicklin (30-25) | IR2: Zicklin School (20-25) | IS2: Zicklin School (20-25) | IT2: Exe & Global Zicklin (30-25) | IU2: Exe & Global Zicklin (30-25) | IV2: Zicklin School (20-25) | IW2: Exe & Global Zicklin (30-25) | IX2: Exe & Global Zicklin (30-25) | IY2: Zicklin School (20-25) | IZ2: Zicklin School (20-25) | JA2: Exe & Global Zicklin (30-25) | JB2: Exe & Global Zicklin (30-25) | JC2: Zicklin School (20-25) | JD2: Zicklin School (20-25) | JE2: Exe & Global Zicklin (30-25) | JF2: Exe & Global Zicklin (30-25) | JG2: Exe & Global Zicklin (30-25) | JH2: Zicklin School (20-25) | JI2: Exe & Global Zicklin (30-25) | JJ2: Exe & Global Zicklin (30-25) | JK2: Exe & Global Zicklin (30-25) | JL2: Exe & Global Zicklin (30-25) | JM2: Exe & Global Zicklin (30-25) | JN2: Exe & Global Zicklin (30-25) | JO2: Exe & Global Zicklin (30-25) | JP2: Exe & Global Zicklin (30-25) | JQ2: Zicklin School (20-25) | JR2: Zicklin School (20-25) | JS2: Exe & Global Zicklin (30-25) | JT2: Exe & Global Zicklin (30-25) | JU2: Zicklin School (20-25) | JV2: Exe & Global Zicklin (30-25) | JW2: Exe & Global Zicklin (30-25) | JX2: Exe & Global Zicklin (30-25) | JY2: Zicklin School (20-25) | JZ2: Exe & Global Zicklin (30-25) | KA2: Exe & Global Zicklin (30-25) | KB2: Exe & Global Zicklin (30-25) | KC2: Exe & Global Zicklin (30-25) | KD2: Zicklin School (20-25) | KE2: Exe & Global Zicklin (30-25) | KF2: Endowment Funds (20-90)
AJ3: FS not applicable | CO3: Dreamers at Baruch | DF3: WBMB Radio | EZ3: Undergrad Student Assembly | FK3: GLASS | FU3: Grad Zicklin Acct Society | GH3: FS not applicable
CO4: Color Stack | DF4: The Ticker | FK4: FUSION | FU4: Grad Zicklin Tax Society
CO5: Private Equity Club | DF5: Encounters Magazine | FK5: ECO | FU5: Grad Zicklin Finance Club
CO6: Operations Management Club | FK6: Delta Sigma Pi | FU6: Grad Zicklin Wmn in Business
CO7: New Media Arts Club | FK7: Conversation Partners | FU7: Grad Data Science & Analytics
CO8: MiddleEastern&NorthAfricanSoci | FK8: Collg Assn of Wmn in Business | FU8: MBA Club
CO9: GoodEducational&TastySnacks | FK9: Caribbean Student Assn | FU9: ZicklinBlackGradStudentSociety
CO10: Fan Society at Baruch | FK10: Blue Notes | FU10: BusinesStrategy&ConsultingClub
CO11: Checkmate Baruch | FK11: Black Student Union | FU11: Zicklin Film Club
CO12: Baruch Business Brigades | FK12: Beta Alpha Psi | FU12: Mental Health Club
CO13: SOON Movement | FK13: Bangladesh Student Assn | FU13: Grad Weissman Art Adm Network
CO14: Consult Your Community | FK14: Assn for Information Systems | FU14: Grad PRIDE Society
CO15: Women improve Next Gen success | FK15: ASEDOM | FU15: Grad MS IO/Psych Student Assn
CO16: Uzbek Student Assoc. | FK16: ASCEND | FU16: Grad MPA Club
CO17: Undergraduate Law Review | FK17: Grad Beta Alpha Psi | FU17: Grad Higher Ed Adm Club
CO18: Scholars of Finance | FK18: Hillel
CO19: Public Affairs Society | FK19: Hindu Student Assn
CO20: Mock Trial Club | FK20: Undergrad Student Assembly
CO21: BaruAlternativeInvestmentClub | FK21: Transfer Student Org
CO22: Afghan American Club | FK22: The Grid
CO23: PolishCultureAssociationClub | FK23: Student Org Caribbean Appr'n
CO24: MachineLearnandDataScienceClub | FK24: South Asian Student Assn
CO25: SocietofHumanResourceManageme | FK25: Socrates Hellenic Society
CO26: International Business Club | FK26: Sigma Alpha Delta
CO27: Pre-Dental Society Club | FK27: She's The First
CO28: FS not applicable | FK28: Phi Eta Sigma
CO29: BaruchLegalBrigades | FK29: Pakistani Student Assn
... CO85: Real Estate & Finance Club | FK85: WBMB Radio
CO86: Psychology Club
CO87: Pre-Law Society
CO88: Phi Eta Sigma
CO89: United Chinese Language Assn
CO90: Beta Alpha Psi
CO91: Dance Club @ Baruch
CO92: Baruch Org of Soviet Students
CO93: Alpha Kappa Psi
CO94: ALPFA
CO95: African Student Assn
CO96: Actuarial Science Society
CO97: Acct Society
... CO105: Assn for Information Systems

Sheet Level 6
A1: NTL\Acad Aff\Academic Advisement\Endowment Funds 3\ Endowment Funds (20-90) | B1: NTL\Acad Aff\Provost Operations\Provost\ Provost (20-10) | C1: NTL\Acad Aff\Office for Teaching & Learning\Schwartz Communication Inst.\ Provost (20-10) | D1: NTL\Acad Aff\Student Placement Office\Career Services\ Student Affairs (20-20) | E1: NTL\Library\Library\Library, Friends of\ Library (20-40) | F1: NTL\Library\Library\Library Miscellaneous\ Library (20-40) | G1: NTL\Library\Library\Library Corporation\ Library (20-40) | H1: NTL\Library\Library\Endowment Funds 3\ Endowment Funds (20-90) | I1: NTL\MSPIA\Dean School of Public Affairs\Endowment Funds 3\ Endowment Funds (20-90) | J1: NTL\MSPIA\Public Affairs\Executive MPA\ Exe & Global MSPIA (30-35) | K1: NTL\MSPIA\Dean School of Public Affairs\Dean Marxe School\ Marxe School (20-35) | L1: NTL\President\Legal Services\Legal Office\ President (20-03) | M1: NTL\President\President\Administrative Overhead\ President (20-03) | N1: NTL\President\President\CUNY Additional Resources\ President (20-03) | O1: NTL\President\President\Endowment Funds 3\ Endowment Funds (20-90) | P1: NTL\VPAF\Facilities Planning Operations\Administrative Management\ Admin & Finance(20-15) | Q1: NTL\VPAF\Human Resources Operations\Administrative Management\ Admin & Finance(20-15) | R1: NTL\VPAF\Accounting Operations\Exchange Account\ Admin & Finance(20-15) | S1: NTL\VPAF\Facility Maintenance Operation\Administrative Management\ Admin & Finance(20-15) | T1: NTL\VPAF\Accounting Operations\Controller's Office\ Admin & Finance(20-15) | U1: NTL\VPAF\Business Office/Fin Operations\Exchange Account\ Admin & Finance(20-15) | V1: NTL\VPAF\Purchasing\Administrative Management\ Admin & Finance(20-15) | W1: NTL\VPAF\Security Operations\Administrative Management\ Admin & Finance(20-15) | X1: NTL\VPAF\VP Finance and Administration\Administrative Management\ Admin & Finance(20-15) | Y1: NTL\VPAF\Campus Planning & Operations\Conference Center\ Admin & Finance(20-15) | Z1: NTL\VPAF\Budget and Planning Operations\Administrative Management\ Admin & Finance(20-15) | AA1: NTL\VPAF\Bursar Operations\Administrative Management\ Admin & Finance(20-15) | AB1: NTL-AUX\VPAF\Business Office/Fin Operations\Office Supplies\Supporting Services | AC1: NTL-AUX\VPAF\Business Office/Fin Operations\Insurance\Supporting Services | AD1: NTL-AUX\VPAF\Business Office/Fin Operations\Miscellaneous\Supporting Services | AE1: NTL-AUX\VPAF\Business Office/Fin Operations\Postage\Supporting Services | AF1: NTL-AUX\VPAF\Business Office/Fin Operations\Legal Services\Supporting Services | AG1: NTL-AUX\VPAF\Business Office/Fin Operations\Professional Fees-Auditing\Supporting Services | AH1: NTL-AUX\VPAF\Business Office/Fin Operations\Software\Supporting Services | AI1: NTL-AUX\VPAF\Business Office/Fin Operations\Payroll Service\Supporting Services | AJ1: NTL-AUX\VPAF\Business Office/Fin Operations\PC not applicable\Supporting Services | AK1: NTL-AUX\VPAF\Business Office/Fin Operations\Fringe Benefits\Supporting Services | AL1: NTL-AUX\VPAF\Business Office/Fin Operations\PC not applicable\FS not applicable | AM1: NTL\VPAF\Facility Maintenance Operation\Endowment Funds 3\ Endowment Funds (20-90) | AN1: NTL\VPAF\Business Office/Fin Operations\Endowment Funds 3\ Endowment Funds (20-90) | AO1: NTL\VPAF\Bursar Operations\Endowment Funds 3\ Endowment Funds (20-90) | AP1: NTL\VPAF\Accounting Operations\Endowment Funds 3\ Endowment Funds (20-90) | AQ1: NTL\VPCA\College Relations Operations\Real Estate Club\ College Advancement (20-08) | AR1: NTL\VPCA\College Relations Operations\Alumni Events\ College Advancement (20-08) | AS1: NTL\VPCA\College Relations Operations\Endowment Funds 3\ Endowment Funds (20-90) | AT1: NTL\VPEM\Student Financial Aid\Endowment Funds 3\ Endowment Funds (20-90) | AU1: NTL\VPEM\International Student Services\Endowment Funds 3\ Endowment Funds (20-90) | AV1: NTL\VPEM\Admissions Services\Endowment Funds 3\ Endowment Funds (20-90) | AW1: NTL\VPEM\Registrar\VA Reporting Fee\ Enrollment Mngmt (20-20) | AX1: NTL\VPEM\International Student Services\SWUFE--EM Support Services\ Enrollment Mngmt (20-20) | AY1: NTL\VPEM\Registrar\Endowment Funds 3\ Endowment Funds (20-90) | AZ1: NTL\VPEM\Dean Of Student Services\Academic Support Services\ Enrollment Mngmt (20-20) | BA1: NTL\VPEM\Testing and Evaluation\Endowment Funds 3\ Endowment Funds (20-90) | BB1: NTL\VPEM\Student Financial Aid\Pell Admin/Enrollment Services\ Enrollment Mngmt (20-20) | BC1: NTL\VPISD\Computer Center Operations\BCTC Hardware Replacement\VP for Information Services | BD1: NTL\VPISD\Computer Center Operations\Endowment Funds 3\ Endowment Funds (20-90) | BE1: NTL\VPISD\Computer Center Operations\BCTC Media Support\VP for Information Services | BF1: NTL-Assoc\VPSA\Student Affairs-Life/Devel\Professional Fees-Auditing\FS not applicable | BG1: NTL-Assoc\VPSA\Student Affairs-Life/Devel\Office Supplies\FS not applicable | BH1: NTL-Assoc\VPSA\Student Affairs-Life/Devel\Furniture & Fixtures\FS not applicable | BI1: NTL-Assoc\VPSA\Student Affairs-Life/Devel\Office Manager Salary\FS not applicable | BJ1: NTL-Assoc\VPSA\Student Affairs-Life/Devel\Graduate Assistants\FS not applicable | BK1: NTL-Assoc\VPSA\Student Affairs-Life/Devel\Student Assistants\FS not applicable | BL1: NTL-Assoc\VPSA\Student Affairs-Life/Devel\Overtime\FS not applicable | BM1: NTL-Assoc\VPSA\Student Affairs-Life/Devel\Accounting Unit Support\FS not applicable | BN1: NTL-Assoc\VPSA\Student Affairs-Life/Devel\Fringe Benefits\FS not applicable | BO1: NTL-Assoc\VPSA\Student Affairs-Life/Devel\Student Life Equipment\FS not applicable | BP1: NTL-Assoc\VPSA\Student Affairs-Life/Devel\Staff Development\FS not applicable | BQ1: NTL-Assoc\VPSA\Student Affairs-Life/Devel\Community Building Event\FS not applicable | BR1: NTL-Assoc\VPSA\Student Affairs-Life/Devel\Leadership Development Program\FS not applicable | BS1: NTL-Assoc\VPSA\Student Affairs-Life/Devel\Director of Student Activities\FS not applicable | BT1: NTL-Assoc\VPSA\Student Affairs-Life/Devel\Equipment\FS not applicable | BU1: NTL-Assoc\VPSA\Student Affairs-Life/Devel\Computer Equipment\FS not applicable | BV1: NTL-Assoc\VPSA\Student Center/Student Activ\Electricity\FS not applicable | BW1: NTL-Assoc\VPSA\Student Affairs-Life/Devel\Maintenance Supplies\FS not applicable | BX1: NTL-Assoc\VPSA\Student Center/Student Activ\Elevator Maintenance\FS not applicable | BY1: NTL-Assoc\VPSA\Student Affairs-Life/Devel\Computer Specialist\FS not applicable | BZ1: NTL-Assoc\VPSA\Student Center/Student Activ\Information Technology\FS not applicable | CA1: NTL-Assoc\VPSA\Student Center/Student Activ\Student Assistants\FS not applicable | CB1: NTL-Assoc\VPSA\Student Center/Student Activ\Professional Fees-Auditing\FS not applicable | CC1: NTL-Assoc\VPSA\Student Center/Student Activ\Office Supplies\FS not applicable | CD1: NTL-Assoc\VPSA\Student Center/Student Activ\Insurance\FS not applicable | CE1: NTL-Assoc\VPSA\Student Affairs-Life/Devel\General Supplies\FS not applicable | CF1: NTL-Assoc\VPSA\Student Center/Student Activ\Furniture & Fixtures\FS not applicable | CG1: NTL-Assoc\VPSA\Student Center/Student Activ\Fringe Benefits\FS not applicable | CH1: NTL-Assoc\VPSA\Student Center/Student Activ\Cleaners\FS not applicable | CI1: NTL-Assoc\VPSA\Student Affairs-Life/Devel\PC not applicable\FS not applicable | CJ1: NTL-Assoc\VPSA\Student Affairs-Life/Devel\CUNYFirst Specialist\FS not applicable | CK1: NTL-Assoc\VPSA\Student Affairs-Life/Devel\Administrative Overhead\FS not applicable | CL1: NTL-Assoc\VPSA\Student Affairs-Life/Devel\Team Baruch Training\FS not applicable | CM1: NTL-Assoc\VPSA\Student Center/Student Activ\Accounting Unit Support\FS not applicable | CN1: NTL-Assoc\VPSA\Student Affairs-Life/Devel\Cleaners\FS not applicable | CO1: NTL-AUX\VPSA\Student Affairs & Serv\Food Pantry\FS not applicable | CP1: NTL-Assoc\VPSA\Student Activities\PC not applicable\Cinematic Arts Society | CQ1: NTL-Assoc\VPSA\Student Activities\PC not applicable\Dreamers at Baruch | CR1: NTL-Assoc\VPSA\Student Activities\PC not applicable\Color Stack | CS1: NTL-Assoc\VPSA\Student Activities\PC not applicable\Private Equity Club | CT1: NTL-Assoc\VPSA\Student Activities\PC not applicable\Operations Management Club | CU1: NTL-Assoc\VPSA\Student Activities\PC not applicable\New Media Arts Club | CV1: NTL-Assoc\VPSA\Student Activities\PC not applicable\MiddleEastern&NorthAfricanSoci | CW1: NTL-Assoc\VPSA\Student Center/Student Activ\Maintenance supplies\FS not applicable | CX1: NTL-Assoc\VPSA\Student Activities\PC not applicable\GoodEducational&TastySnacks | CY1: NTL-Assoc\VPSA\Student Activities\PC not applicable\Fan Society at Baruch | CZ1: NTL-Assoc\VPSA\Student Activities\PC not applicable\Checkmate Baruch | DA1: NTL-Assoc\VPSA\Student Activities\PC not applicable\Baruch Business Brigades | DB1: NTL-Assoc\VPSA\Student Activities\PC not applicable\SOON Movement | DC1: NTL-Assoc\VPSA\Student Activities\PC not applicable\Consult Your Community | DD1: NTL-Assoc\VPSA\Student Activities\PC not applicable\Women improve Next Gen success | DE1: NTL-Assoc\VPSA\Student Activities\PC not applicable\Uzbek Student Assoc. | DF1: NTL-Assoc\VPSA\Student Activities\PC not applicable\Undergraduate Law Review | DG1: NTL-Assoc\VPSA\Student Activities\PC not applicable\Scholars of Finance | DH1: NTL-Assoc\VPSA\Student Activities\PC not applicable\Public Affairs Society | DI1: NTL-Assoc\VPSA\Student Activities\PC not applicable\Mock Trial Club | DJ1: NTL-Assoc\VPSA\Student Activities\PC not applicable\BaruAlternativeInvestmentClub | DK1: NTL-Assoc\VPSA\Student Activities\PC not applicable\Afghan American Club | DL1: NTL-Assoc\VPSA\Student Activities\PC not applicable\PolishCultureAssociationClub | DM1: NTL-Assoc\VPSA\Student Activities\PC not applicable\MachineLearnandDataScienceClub | DN1: NTL-Assoc\VPSA\Student Activities\PC not applicable\SocietofHumanResourceManageme | DO1: NTL-Assoc\VPSA\Student Activities\PC not applicable\International Business Club | DP1: NTL-Assoc\VPSA\Student Activities\PC not applicable\Pre-Dental Society Club | DQ1: NTL-Assoc\VPSA\Student Activities\PC not applicable\FS not applicable | DR1: NTL-Assoc\VPSA\Student Activities\PC not applicable\BaruchLegalBrigades | DS1: NTL-Assoc\VPSA\Student Activities\PC not applicable\PubliRelatStudSocietyofAmerica | DT1: NTL-Assoc\VPSA\Student Activities\PC not applicable\Theater Club | DU1: NTL-Assoc\VPSA\Student Activities\PC not applicable\Baruch Full Stack | DV1: NTL-Assoc\VPSA\Student Activities\PC not applicable\Helping Hands | DW1: NTL-Assoc\VPSA\Student Activities\PC not applicable\YoungDemocSocialistsOfAmerica | DX1: NTL-Assoc\VPSA\Student Activities\PC not applicable\Ukrainian Association | DY1: NTL-Assoc\VPSA\Student Activities\PC not applicable\Puerto Rican Student Society | DZ1: NTL-Assoc\VPSA\Student Activities\PC not applicable\Baruch Newman Catholic Club | EA1: NTL-Assoc\VPSA\Student Center/Student Activ\Public Safety\FS not applicable | EB1: NTL-Assoc\VPSA\Student Union\Administrative Overhead\FS not applicable | EC1: NTL-Assoc\VPSA\Student Center/Student Activ\Security Deposits\FS not applicable | ED1: NTL-ELC\VPSA\Center, Child Care\Classroom Supplies & Materials\FS not applicable | EE1: NTL-ELC\VPSA\Center, Child Care\Advertising\FS not applicable | EF1: NTL-ELC\VPSA\Center, Child Care\Accounting Unit Support\FS not applicable | EG1: NTL-ELC\VPSA\Center, Child Care\Fringe Benefits\FS not applicable | EH1: NTL-ELC\VPSA\Center, Child Care\P/T Aides\FS not applicable | EI1: NTL-ELC\VPSA\Center, Child Care\Assistant Teachers\FS not applicable | EJ1: NTL-ELC\VPSA\Center, Child Care\Head Teacher\Director\FS not applicable | EK1: NTL-ELC\VPSA\Center, Child Care\Trips\FS not applicable | EL1: NTL-ELC\VPSA\Center, Child Care\Events\FS not applicable | EM1: NTL-ELC\VPSA\Center, Child Care\Fees & Permits\FS not applicable | EN1: NTL-Assoc\VPSA\Student Health Services\Psychiatric Nurse Practitioner\FS not applicable | EO1: NTL-Assoc\VPSA\Special Programs\Elections\FS not applicable | EP1: NTL-Assoc\VPSA\Communica/News, Photo, Video\PC not applicable\FS not applicable | EQ1: NTL-Assoc\VPSA\Communica/News, Photo, Video\PC not applicable\WBMB Radio | ER1: NTL-Assoc\VPSA\Communica/News, Photo, Video\PC not applicable\The Ticker | ES1: NTL-ELC\VPSA\Center, Child Care\Insurance\FS not applicable | ET1: NTL-ELC\VPSA\Center, Child Care\Miscellaneous\FS not applicable | EU1: NTL-ELC\VPSA\Center, Child Care\Postage\FS not applicable | EV1: NTL\VPSA\Student Affairs-Life/Devel\Endowment Funds 3\ Endowment Funds (20-90) | EW1: NTL\VPSA\Athletics & Recreation\Endowment Funds 3\ Endowment Funds (20-90) | EX1: NTL\VPSA\Ofc Students w/ Disabilities\Students w/ Disabilities Srvcs\ Student Affairs (20-20) | EY1: NTL\VPSA\Student Affairs-Life/Devel\Student Life\ Student Affairs (20-20) | EZ1: NTL\VPSA\Student Affairs-Life/Devel\Administrative Overhead\ President (20-03) | FA1: NTL\VPSA\Student Affairs & Serv\Student Affairs Division\ Student Affairs (20-20) | FB1: NTL\VPSA\Athletics & Recreation\Athletics & Recreation Complex\ Student Affairs (20-20) | FC1: NTL-Assoc\VPSA\Communica/News, Photo, Video\PC not applicable\Encounters Magazine | FD1: NTL\VPSA\Athletics & Recreation\Athletic Swimming Program\ Student Affairs (20-20) | FE1: NTL-ELC\VPSA\Center, Child Care\Retroactive Salaries\FS not applicable | FF1: NTL-ELC\VPSA\Center, Child Care\Fire Main. Equip. Contract\FS not applicable | FG1: NTL-ELC\VPSA\Center, Child Care\Head Teacher\FS not applicable | FH1: NTL-ELC\VPSA\Center, Child Care\Custodial Staff Salaries\FS not applicable | FI1: NTL-ELC\VPSA\Center, Child Care\Subscriptions/Memberships\FS not applicable | FJ1: NTL-ELC\VPSA\Center, Child Care\Refreshments\FS not applicable | FK1: NTL-ELC\VPSA\Center, Child Care\Professional Fees-Auditing\FS not applicable | FL1: NTL-ELC\VPSA\Center, Child Care\Staff Development\FS not applicable | FM1: NTL-Assoc\VPSA\Student Center/Student Activ\Skilled Trades\FS not applicable | FN1: NTL-Assoc\VPSA\Communica/News, Photo, Video\Administrative Overhead\FS not applicable | FO1: NTL-Assoc\VPSA\Communica/News, Photo, Video\Accounting Unit Support\FS not applicable | FP1: NTL-Assoc\VPSA\Student Health Services\Cont. Health Beth Israel\FS not applicable | FQ1: NTL-Assoc\VPSA\Student Health Services\Student Assistants\FS not applicable | FR1: NTL-Assoc\VPSA\Student Health Services\Professional Fees-Auditing\FS not applicable | FS1: NTL-Assoc\VPSA\Student Health Services\Office Supplies\FS not applicable | FT1: NTL-Assoc\VPSA\Student Health Services\Furniture & Fixtures\FS not applicable | FU1: NTL-Assoc\VPSA\Student Health Services\Equipment\FS not applicable | FV1: NTL-Assoc\VPSA\Student Health Services\Accounting Unit Support\FS not applicable | FW1: NTL-Assoc\VPSA\Student Health Services\Fringe Benefits\FS not applicable | FX1: NTL-Assoc\VPSA\Student Health Services\Wellness Coordinator\FS not applicable | FY1: NTL-Assoc\VPSA\Student Health Services\Staff Development\FS not applicable | FZ1: NTL-Assoc\VPSA\Student Center/Student Activ\Lease Payments\FS not applicable | GA1: NTL-Assoc\VPSA\Student Center/Student Activ\Administrative Overhead\FS not applicable | GB1: NTL-Assoc\VPSA\Student Center/Student Activ\Community Building Event\FS not applicable | GC1: NTL-Assoc\VPSA\Student Center/Student Activ\Student Life Building Manager\FS not applicable | GD1: NTL-Assoc\VPSA\Student Center/Student Activ\Miscellaneous\FS not applicable | GE1: NTL-Assoc\VPSA\Student Health Services\Medical Supplies\FS not applicable | GF1: NTL-Assoc\VPSA\Student Health Services\Health fair, Wellness Days\FS not applicable | GG1: NTL-Assoc\VPSA\Student Health Services\Health & Wellness Assc Dr\FS not applicable | GH1: NTL-Assoc\VPSA\Student Health Services\APA Training Psychologist\FS not applicable | GI1: NTL-Assoc\VPSA\Communica/Editorial & Design\PC not applicable\FS not applicable | GJ1: NTL-Assoc\VPSA\Communica/Editorial & Design\Administrative Overhead\FS not applicable | GK1: NTL-Assoc\VPSA\Communica/Editorial & Design\Professional Fees-Auditing\FS not applicable | GL1: NTL-Assoc\VPSA\Communica/Editorial & Design\Accounting Unit Support\FS not applicable | GM1: NTL-Assoc\VPSA\Student Union\PC not applicable\FS not applicable | GN1: NTL-Assoc\VPSA\Student Union\PC not applicable\Undergrad Student Assembly | GO1: NTL-Assoc\VPSA\Student Activities\PC not applicable\Mexiculture | GP1: NTL-Assoc\VPSA\Communica/News, Photo, Video\Professional Fees-Auditing\FS not applicable | GQ1: NTL-Assoc\VPSA\Student Union\Elections\FS not applicable | GR1: NTL-Assoc\VPSA\Student Union\Professional Fees-Auditing\FS not applicable | GS1: NTL-Assoc\VPSA\Student Union\Accounting Unit Support\FS not applicable | GT1: NTL-Assoc\VPSA\Student Union\Fringe Benefits\FS not applicable | GU1: NTL-Assoc\VPSA\Student Health Services\PC not applicable\FS not applicable | GV1: NTL-Assoc\VPSA\Student Health Services\Administrative Overhead\FS not applicable | GW1: NTL-Assoc\VPSA\Student Health Services\Part time coordinator\FS not applicable | GX1: NTL-Assoc\VPSA\Student Union\Bursar\FS not applicable | GY1: NTL-Assoc\VPSA\Student Activities\PC not applicable\Books and Beyond | GZ1: NTL-Assoc\VPSA\Student Affairs-Life/Devel\SCB-Cultural Events\FS not applicable | HA1: NTL-Assoc\VPSA\Student Activities\PC not applicable\Financial Quants and Engineers | HB1: NTL-Assoc\VPSA\Special Services\PC not applicable\Golden Key | HC1: NTL-Assoc\VPSA\Special Services\PC not applicable\GLASS | HD1: NTL-Assoc\VPSA\Special Services\PC not applicable\FUSION | HE1: NTL-Assoc\VPSA\Special Services\PC not applicable\ECO | HF1: NTL-Assoc\VPSA\Special Services\PC not applicable\Delta Sigma Pi | HG1: NTL-Assoc\VPSA\Special Services\PC not applicable\Conversation Partners | HH1: NTL-Assoc\VPSA\Special Services\PC not applicable\Collg Assn of Wmn in Business | HI1: NTL-Assoc\VPSA\Special Services\PC not applicable\Caribbean Student Assn | HJ1: NTL-Assoc\VPSA\Special Services\PC not applicable\Blue Notes | HK1: NTL-Assoc\VPSA\Special Services\PC not applicable\Black Student Union | HL1: NTL-Assoc\VPSA\Special Services\PC not applicable\Beta Alpha Psi | HM1: NTL-Assoc\VPSA\Special Services\PC not applicable\Bangladesh Student Assn | HN1: NTL-Assoc\VPSA\Special Services\PC not applicable\Assn for Information Systems | HO1: NTL-Assoc\VPSA\Special Services\PC not applicable\ASEDOM | HP1: NTL-Assoc\VPSA\Special Services\PC not applicable\ASCEND | HQ1: NTL-AUX\VPSA\Student Affairs-Life/Devel\Commencement Ceremony\Student Services | HR1: NTL-Assoc\VPSA\Athletics & Recreation\ATH-Athletic Office\Athletic - Other | HS1: NTL-Assoc\VPSA\Athletics & Recreation\Athletic Trainer\Athletic - Other | HT1: NTL-Assoc\VPSA\Student Activities\PC not applicable\Indian Student Assn | HU1: NTL-Assoc\VPSA\Athletics & Recreation\ATH-Recreation/Intramurals\Athletic - Other | HV1: NTL-Assoc\VPSA\Athletics & Recreation\Student Aides\Athletic - Other | HW1: NTL-Assoc\VPSA\Special Services\PC not applicable\Grad Beta Alpha Psi | HX1: NTL-Assoc\VPSA\Athletics & Recreation\Fringe Benefits\Athletic - Other | HY1: NTL-Assoc\VPSA\Special Services\PC not applicable\Hillel | HZ1: NTL-Assoc\VPSA\Special Services\PC not applicable\Hindu Student Assn | IA1: NTL-Assoc\VPSA\Special Services\PC not applicable\Undergrad Student Assembly | IB1: NTL-Assoc\VPSA\Special Services\PC not applicable\Transfer Student Org | IC1: NTL-Assoc\VPSA\Special Services\PC not applicable\The Grid | ID1: NTL-Assoc\VPSA\Special Services\PC not applicable\Student Org Caribbean Appr'n | IE1: NTL-Assoc\VPSA\Special Services\PC not applicable\South Asian Student Assn | IF1: NTL-Assoc\VPSA\Special Services\PC not applicable\Socrates Hellenic Society | IG1: NTL-Assoc\VPSA\Special Services\PC not applicable\Sigma Alpha Delta | IH1: NTL-Assoc\VPSA\Special Services\PC not applicable\She's The First | II1: NTL-Assoc\VPSA\Special Services\PC not applicable\Phi Eta Sigma | IJ1: NTL-Assoc\VPSA\Special Services\PC not applicable\Pakistani Student Assn | IK1: NTL-Assoc\VPSA\Special Services\PC not applicable\Nat'l Soc Leadership & Success | IL1: NTL-Assoc\VPSA\Special Services\PC not applicable\NABA | IM1: NTL-Assoc\VPSA\Special Services\PC not applicable\Muslim Business Assn | IN1: NTL-Assoc\VPSA\Special Services\PC not applicable\Model United Nations | IO1: NTL-Assoc\VPSA\Special Services\PC not applicable\Marketers of Baruch | IP1: NTL-Assoc\VPSA\Special Services\PC not applicable\Lexicon | IQ1: NTL-Assoc\VPSA\Special Services\PC not applicable\Latin American Student Org | IR1: NTL-Assoc\VPSA\Special Services\PC not applicable\Japanese Anime Asylum | IS1: NTL-Assoc\VPSA\Special Services\PC not applicable\Japan Club | IT1: NTL-Assoc\VPSA\Special Services\PC not applicable\InterVarsity Christian Fell | IU1: NTL-Assoc\VPSA\Special Services\PC not applicable\International Student Org | IV1: NTL-Assoc\VPSA\Special Services\PC not applicable\Himalayan Club | IW1: NTL-Assoc\VPSA\Athletics & Recreation\Accounting Unit Support\FS not applicable | IX1: NTL-Assoc\VPSA\Athletics & Recreation\Insurance\Athletic - Other | IY1: NTL-Assoc\VPSA\Athletics & Recreation\Professional Fees-Auditing\FS not applicable | IZ1: NTL-Assoc\VPSA\Special Projects\PC not applicable\Grad MIA Club | JA1: NTL-Assoc\VPSA\Special Projects\PC not applicable\Grad Zicklin Acct Society | JB1: NTL-Assoc\VPSA\Special Projects\PC not applicable\Grad Zicklin Tax Society | JC1: NTL-Assoc\VPSA\Special Projects\PC not applicable\Grad Zicklin Finance Club | JD1: NTL-Assoc\VPSA\Special Projects\PC not applicable\Grad Zicklin Wmn in Business | JE1: NTL-Assoc\VPSA\Special Projects\PC not applicable\Grad Data Science & Analytics | JF1: NTL-Assoc\VPSA\Special Projects\PC not applicable\MBA Club | JG1: NTL-Assoc\VPSA\Special Projects\PC not applicable\ZicklinBlackGradStudentSociety | JH1: NTL-Assoc\VPSA\Special Projects\PC not applicable\BusinesStrategy&ConsultingClub | JI1: NTL-Assoc\VPSA\Special Projects\PC not applicable\Zicklin Film Club | JJ1: NTL-Assoc\VPSA\Special Projects\PC not applicable\Mental Health Club | JK1: NTL-Assoc\VPSA\Special Services\ATH-Men's Baseball\Athletic Teams | JL1: NTL-Assoc\VPSA\Special Services\ATH-Men's Basketball\Athletic Teams | JM1: NTL-Assoc\VPSA\Special Services\PC not applicable\Athletic Teams | JN1: NTL-Assoc\VPSA\Special Services\PC not applicable\Albanian Club | JO1: NTL-Assoc\VPSA\Special Services\PC not applicable\AIESEC | JP1: NTL-Assoc\VPSA\Special Services\PC not applicable\African Student Assn | JQ1: NTL-Assoc\VPSA\Special Services\PC not applicable\Advertising Design Society | JR1: NTL-Assoc\VPSA\Special Services\PC not applicable\Actuarial Science Society | JS1: NTL-Assoc\VPSA\Special Services\PC not applicable\Acct Society | JT1: NTL-Assoc\VPSA\Special Services\PC not applicable\Absolute Adrenaline | JU1: NTL-Assoc\VPSA\Special Projects\PC not applicable\Grad Weissman Art Adm Network | JV1: NTL-Assoc\VPSA\Special Projects\PC not applicable\Grad PRIDE Society | JW1: NTL-Assoc\VPSA\Special Projects\PC not applicable\Grad MS IO/Psych Student Assn | JX1: NTL-Assoc\VPSA\Special Projects\PC not applicable\Grad MPA Club | JY1: NTL-Assoc\VPSA\Athletics & Recreation\Photography\Athletic - Other | JZ1: NTL-Assoc\VPSA\Athletics & Recreation\Student-Athlete Advisory Comm\Athletic - Other | KA1: NTL-Assoc\VPSA\Athletics & Recreation\Intercollegiate Teams\Athletic - Other | KB1: NTL-Assoc\VPSA\Athletics & Recreation\ARC Maintenance Supplies\Athletic - Other | KC1: NTL-Assoc\VPSA\Athletics & Recreation\Coaching Salaries\Athletic - Other | KD1: NTL-Assoc\VPSA\Athletics & Recreation\Administrative Overhead\FS not applicable | KE1: NTL-Assoc\VPSA\Athletics & Recreation\PC not applicable\FS not applicable | KF1: NTL-Assoc\VPSA\Special Services\PC not applicable\American Marketing Assn | KG1: NTL-Assoc\VPSA\Special Services\PC not applicable\Alpha Phi Omega | KH1: NTL-Assoc\VPSA\Special Programs\Fringe Benefits\FS not applicable | KI1: NTL-Assoc\VPSA\Special Services\PC not applicable\UNICEF | KJ1: NTL-Assoc\VPSA\Special Programs\Accounting Unit Support\FS not applicable | KK1: NTL-Assoc\VPSA\Special Programs\Administrative Overhead\FS not applicable | KL1: NTL-Assoc\VPSA\Special Programs\PC not applicable\Grad Student Assembly | KM1: NTL-Assoc\VPSA\Special Programs\PC not applicable\FS not applicable | KN1: NTL-Assoc\VPSA\Special Projects\Accounting Unit Support\FS not applicable | KO1: NTL-Assoc\VPSA\Special Projects\Professional Fees-Auditing\FS not applicable | KP1: NTL-Assoc\VPSA\Special Projects\Administrative Overhead\FS not applicable | KQ1: NTL-Assoc\VPSA\Special Projects\PC not applicable\Grad Higher Ed Adm Club | KR1: NTL-Assoc\VPSA\Special Services\PC not applicable\Alpha Kappa Psi | KS1: NTL-Assoc\VPSA\Special Services\PC not applicable\Alpha Kappa Delta Phi | KT1: NTL-Assoc\VPSA\Special Programs\Professional Fees-Auditing\FS not applicable | KU1: NTL-Assoc\VPSA\Special Services\PC not applicable\United Chinese Language Assn | KV1: NTL-Assoc\VPSA\Special Services\PC not applicable\Muslim Student Assn | KW1: NTL-Assoc\VPSA\Special Services\PC not applicable\Vietnamese Student Assn | KX1: NTL-Assoc\VPSA\Student Activities\PC not applicable\Model United Nations | KY1: NTL-Assoc\VPSA\Student Activities\PC not applicable\Marketers of Baruch | KZ1: NTL-Assoc\VPSA\Student Activities\PC not applicable\Latin American Student Org | LA1: NTL-Assoc\VPSA\Student Activities\PC not applicable\Japanese Anime Asylum | LB1: NTL-Assoc\VPSA\Student Activities\PC not applicable\Japan Club | LC1: NTL-Assoc\VPSA\Student Activities\PC not applicable\Investment Management Group | LD1: NTL-Assoc\VPSA\Student Activities\PC not applicable\InterVarsity Christian Fell | LE1: NTL-Assoc\VPSA\Student Activities\PC not applicable\Himalayan Club | LF1: NTL-Assoc\VPSA\Student Activities\PC not applicable\Hillel | LG1: NTL-Assoc\VPSA\Student Activities\PC not applicable\GLASS | LH1: NTL-Assoc\VPSA\Student Activities\PC not applicable\Muslim Business Assn | LI1: NTL-Assoc\VPSA\Student Activities\PC not applicable\Finance & Economics Society | LJ1: NTL-Assoc\VPSA\Student Activities\PC not applicable\E-Sports Assn | LK1: NTL-Assoc\VPSA\Student Activities\PC not applicable\Ecuadorian Club | LL1: NTL-Assoc\VPSA\Student Activities\PC not applicable\Delta Sigma Pi | LM1: NTL-Assoc\VPSA\Special Services\PC not applicable\United Sikh Assn | LN1: NTL-Assoc\VPSA\Student Activities\PC not applicable\Cybersecurity Club | LO1: NTL-Assoc\VPSA\Student Activities\PC not applicable\Conversation Partners | LP1: NTL-Assoc\VPSA\Student Activities\PC not applicable\Collg Assn of Wmn in Business | LQ1: NTL-Assoc\VPSA\Student Activities\PC not applicable\Chinese Christian Fellowship | LR1: NTL-Assoc\VPSA\Student Activities\PC not applicable\Caribbean Student Assn | LS1: NTL-Assoc\VPSA\Student Activities\PC not applicable\Black Student Union | LT1: NTL-Assoc\VPSA\Student Activities\PC not applicable\FUSION | LU1: NTL-Assoc\VPSA\Student Activities\PC not applicable\Biomed Society | LV1: NTL-Assoc\VPSA\Student Activities\PC not applicable\Muslim Student Assn | LW1: NTL-Assoc\VPSA\Student Activities\PC not applicable\Pakistani Student Assn | LX1: NTL-Assoc\VPSA\Student Activities\PC not applicable\Lexington Music | LY1: NTL-Assoc\VPSA\Student Activities\PC not applicable\Debate Team | LZ1: NTL-Assoc\VPSA\Student Activities\PC not applicable\Armenian Society | MA1: NTL-Assoc\VPSA\Student Activities\PC not applicable\Zicklin Undergrad Tax Society | MB1: NTL-Assoc\VPSA\Student Activities\PC not applicable\Youth Org For Israel | MC1: NTL-Assoc\VPSA\Student Activities\PC not applicable\Wmn in Islam | MD1: NTL-Assoc\VPSA\Student Activities\PC not applicable\Wmn Empowered for Success | ME1: NTL-Assoc\VPSA\Student Activities\PC not applicable\West Indian Culture Club | MF1: NTL-Assoc\VPSA\Student Activities\PC not applicable\Wall Street Club | MG1: NTL-Assoc\VPSA\Student Activities\PC not applicable\Vietnamese Student Assn | MH1: NTL-Assoc\VPSA\Student Activities\PC not applicable\NABA | MI1: NTL-Assoc\VPSA\Student Activities\PC not applicable\United Sikh Assn | MJ1: NTL-Assoc\VPSA\Student Activities\PC not applicable\UNICEF | MK1: NTL-Assoc\VPSA\Student Activities\PC not applicable\Transfer Student Org | ML1: NTL-Assoc\VPSA\Student Activities\PC not applicable\The Grid | MM1: NTL-Assoc\VPSA\Student Activities\PC not applicable\TAMID | MN1: NTL-Assoc\VPSA\Student Activities\PC not applicable\South Asian Student Assn | MO1: NTL-Assoc\VPSA\Student Activities\PC not applicable\She's The First | MP1: NTL-Assoc\VPSA\Student Activities\PC not applicable\Real Estate & Finance Club | MQ1: NTL-Assoc\VPSA\Student Activities\PC not applicable\Psychology Club | MR1: NTL-Assoc\VPSA\Student Activities\PC not applicable\Pre-Law Society | MS1: NTL-Assoc\VPSA\Student Activities\PC not applicable\Phi Eta Sigma | MT1: NTL-Assoc\VPSA\Student Activities\PC not applicable\United Chinese Language Assn | MU1: NTL-Assoc\VPSA\Student Activities\PC not applicable\Beta Alpha Psi | MV1: NTL-Assoc\VPSA\Student Activities\PC not applicable\Dance Club @ Baruch | MW1: NTL-Assoc\VPSA\Special Services\PC not applicable\Graduate Student Assembly | MX1: NTL-Assoc\VPSA\Stud. Affairs-Stud. Life&Devel\Accounting Unit Support\FS not applicable | MY1: NTL-Assoc\VPSA\Special Services\PC not applicable\Taiwanese Student Assn | MZ1: NTL-Assoc\VPSA\Special Services\PC not applicable\Student Life Center | NA1: NTL-Assoc\VPSA\Special Services\PC not applicable\Health Services | NB1: NTL-Assoc\VPSA\Student Activities\PC not applicable\Baruch Org of Soviet Students | NC1: NTL-Assoc\VPSA\Special Services\PC not applicable\West Indian Culture Club | ND1: NTL-Assoc\VPSA\Special Services\PC not applicable\Wmn Empowered for Success | NE1: NTL-Assoc\VPSA\Special Services\PC not applicable\Wmn in Islam | NF1: NTL-Assoc\VPSA\Special Services\PC not applicable\Grad Zicklin Tax Society | NG1: NTL-Assoc\VPSA\Special Services\PC not applicable\General Account | NH1: NTL-Assoc\VPSA\Special Services\PC not applicable\Baruch Business Brigades | NI1: NTL-Assoc\VPSA\Special Services\PC not applicable\Books and Beyond | NJ1: NTL-Assoc\VPSA\Stud. Affairs-Stud. Life&Devel\Professional Fees-Auditing\FS not applicable | NK1: NTL-Assoc\VPSA\Special Services\PC not applicable\SCB Helpliine/Team Baruch | NL1: NTL-Assoc\VPSA\Special Services\PC not applicable\Rotaract Club of Baruch | NM1: NTL-Assoc\VPSA\Special Services\PC not applicable\Indian Student Assn | NN1: NTL-Assoc\VPSA\Special Services\PC not applicable\Polish American Society | NO1: NTL-Assoc\VPSA\Special Services\PC not applicable\Pi Sigma Epsilon | NP1: NTL-Assoc\VPSA\Special Services\PC not applicable\Music & Prfmng Arts Guild | NQ1: NTL-Assoc\VPSA\Special Services\PC not applicable\Latino Professnls Fin&Acc | NR1: NTL-Assoc\VPSA\Special Services\PC not applicable\Zicklin Undergrad Tax Society | NS1: NTL-Assoc\VPSA\Special Services\PC not applicable\Colleges Against Cancer | NT1: NTL-Assoc\VPSA\Special Services\PC not applicable\Kappa Phi Alpha | NU1: NTL-Assoc\VPSA\Special Services\PC not applicable\American Humanics Society | NV1: NTL-Assoc\VPSA\Special Services\PC not applicable\Jewish Women's Group | NW1: NTL-Assoc\VPSA\Special Services\PC not applicable\Turkish Student Assn | NX1: NTL-Assoc\VPSA\Special Services\PC not applicable\Thespian Club | NY1: NTL-Assoc\VPSA\Stud. Affairs-Stud. Life&Devel\Administrative Overhead\FS not applicable | NZ1: NTL-Assoc\VPSA\Special Services\PC not applicable\Beta Phi Sigma | OA1: NTL-Assoc\VPSA\Student Activities\Accounting Unit Support\FS not applicable | OB1: NTL-Assoc\VPSA\Student Activities\PC not applicable\Alpha Kappa Psi | OC1: NTL-Assoc\VPSA\Student Activities\PC not applicable\ALPFA | OD1: NTL-Assoc\VPSA\Stud. Affairs-Stud. Life&Devel\PC not applicable\Programming Board | OE1: NTL-Assoc\VPSA\Student Activities\PC not applicable\African Student Assn | OF1: NTL-Assoc\VPSA\Student Activities\PC not applicable\Actuarial Science Society | OG1: NTL-Assoc\VPSA\Student Activities\PC not applicable\Acct Society | OH1: NTL-Assoc\VPSA\Student Activities\PC not applicable\Archery Club | OI1: NTL-Assoc\VPSA\Student Activities\PC not applicable\ASCEND | OJ1: NTL-Assoc\VPSA\Student Activities\PC not applicable\American Marketing Assn | OK1: NTL-Assoc\VPSA\Student Activities\PC not applicable\ASEDOM | OL1: NTL-Assoc\VPSA\Student Activities\PC not applicable\Bangladesh Student Assn | OM1: NTL-Assoc\VPSA\Student Activities\PC not applicable\50Five Capital | ON1: NTL-Assoc\VPSA\Student Activities\PC not applicable\Student Veterans of America | OO1: NTL-Assoc\VPSA\Student Activities\Administrative Overhead\FS not applicable | OP1: NTL-Assoc\VPSA\Student Activities\Professional Fees-Auditing\FS not applicable | OQ1: NTL-Assoc\VPSA\Student Activities\PC not applicable\Assn for Information Systems | OR1: NTL-Assoc\VPSA\Special Services\PC not applicable\WBMB Radio | OS1: NTL\WSAS\Student Services\Graduate Career Service WSAS\ Weissman School (20-30) | OT1: NTL\WSAS\Communications\SWUFE - WSAS\ Weissman School (20-30) | OU1: NTL\WSAS\Fine & Performing Arts\SWUFE - WSAS\ Weissman School (20-30) | OV1: NTL\WSAS\Fine & Performing Arts\Fine & Prfrmg Arts Ticket Incm\ Weissman School (20-30) | OW1: NTL\WSAS\English Language/Literature\ENG 2100 Readers\ Weissman School (20-30) | OX1: NTL\WSAS\Art Gallery\Mishkin Art Gallery\ Weissman School (20-30) | OY1: NTL\WSAS\Philosophy\SWUFE - WSAS\ Weissman School (20-30) | OZ1: NTL\WSAS\Mathematics\Master Financial Engineering\ Weissman School (20-30) | PA1: NTL\WSAS\Center, Performing Arts\Concessions/Merchandise Income\ Weissman School (20-30) | PB1: NTL\WSAS\Center, Performing Arts\BPAC Ticket Income\ Weissman School (20-30) | PC1: NTL\WSAS\Center, Performing Arts\Baruch Performing Arts Center\ Weissman School (20-30) | PD1: NTL\WSAS\Dean Of Liberal Arts\Dean Weissman School\ Weissman School (20-30) | PE1: NTL\WSAS\Dean Of Liberal Arts\SWUFE - WSAS\ Weissman School (20-30) | PF1: NTL\WSAS\Psychology\Endowment Funds 3\ Endowment Funds (20-90) | PG1: NTL\WSAS\Dean Of Liberal Arts\ENG 2100 Readers\ Weissman School (20-30) | PH1: NTL\WSAS\Dean Of Liberal Arts\Endowment Funds 3\ Endowment Funds (20-90) | PI1: NTL\WSAS\English Language/Literature\SWUFE - WSAS\ Weissman School (20-30) | PJ1: NTL\ZSB\Student Affairs Administration\Graduate Programs\ Zicklin School (20-25) | PK1: NTL\ZSB\Student Affairs Administration\ZSB Exe-Prog Funded Act.\ Exe & Global Zicklin (30-25) | PL1: NTL\ZSB\Student Affairs Administration\ZSB Glob-Prog Funded Act.\ Exe & Global Zicklin (30-25) | PM1: NTL\ZSB\Graduate Programs\ZSB Glob-Prog Funded Act.\ Exe & Global Zicklin (30-25) | PN1: NTL\ZSB\Graduate Programs\Graduate Programs\ Zicklin School (20-25) | PO1: NTL\ZSB\Graduate Programs\SWUFE PhD Program\ Zicklin School (20-25) | PP1: NTL\ZSB\Graduate Programs\SWUFE 3+1 - Chengdu China\ Zicklin School (20-25) | PQ1: NTL\ZSB\Graduate Programs\ZSB Exe-Prog Funded Act.\ Exe & Global Zicklin (30-25) | PR1: NTL\ZSB\Dean Of Business\Endowment Funds 3\ Endowment Funds (20-90) | PS1: NTL\ZSB\Dean Of Business\Endowment Funds 4\ Endowment Funds (20-90) | PT1: NTL\ZSB\Career Services Operations\Endowment Funds 3\ Endowment Funds (20-90) | PU1: NTL\ZSB\Counseling-Academic\ZSB Glob-Prog Funded Act.\ Exe & Global Zicklin (30-25) | PV1: NTL\ZSB\Counseling-Academic\ZSB Exe-Prog Funded Act.\ Exe & Global Zicklin (30-25) | PW1: NTL\ZSB\Economics\SWUFE PhD Program\ Zicklin School (20-25) | PX1: NTL\ZSB\Counseling-Academic\Dean's Honors Ceremony\ Zicklin School (20-25) | PY1: NTL\ZSB\Dean Of Business\Online Business School Program\ Zicklin School (20-25) | PZ1: NTL\ZSB\Dean Of Business\SWUFE 3+1 - Chengdu China\ Zicklin School (20-25) | QA1: NTL\ZSB\Dean Of Business\Non-Exe/Global Marketing Expns\ Zicklin School (20-25) | QB1: NTL\ZSB\Dean Of Business\Schwartz Faculty Activity\ Zicklin School (20-25) | QC1: NTL\ZSB\Dean Of Business\RZicklin Center Corp Integrity\ Zicklin School (20-25) | QD1: NTL\ZSB\Business PhD Program\SWUFE PhD Program\ Zicklin School (20-25) | QE1: NTL\ZSB\Statistics\ZSB Glob-Prog Funded Act.\ Exe & Global Zicklin (30-25) | QF1: NTL\ZSB\Statistics\ZSB Exe-Prog Funded Act.\ Exe & Global Zicklin (30-25) | QG1: NTL\ZSB\Statistics\SWUFE 3+1 - Chengdu China\ Zicklin School (20-25) | QH1: NTL\ZSB\Real Estate\ZSB Glob-Prog Funded Act.\ Exe & Global Zicklin (30-25) | QI1: NTL\ZSB\Real Estate\ZSB Exe-Prog Funded Act.\ Exe & Global Zicklin (30-25) | QJ1: NTL\ZSB\Real Estate\SWUFE 3+1 - Chengdu China\ Zicklin School (20-25) | QK1: NTL\ZSB\Marketing\ZSB Glob-Prog Funded Act.\ Exe & Global Zicklin (30-25) | QL1: NTL\ZSB\Marketing\ZSB Exe-Prog Funded Act.\ Exe & Global Zicklin (30-25) | QM1: NTL\ZSB\Dean Of Business\ZSB Exe-Prog Funded Act.\ Exe & Global Zicklin (30-25) | QN1: NTL\ZSB\Marketing\SWUFE 3+1 - Chengdu China\ Zicklin School (20-25) | QO1: NTL\ZSB\Management\ZSB Glob-Prog Funded Act.\ Exe & Global Zicklin (30-25) | QP1: NTL\ZSB\Management\ZSB Exe-Prog Funded Act.\ Exe & Global Zicklin (30-25) | QQ1: NTL\ZSB\Management\SWUFE 3+1 - Chengdu China\ Zicklin School (20-25) | QR1: NTL\ZSB\Management\Sigma Iota Epsilon\ Zicklin School (20-25) | QS1: NTL\ZSB\Law\ZSB Glob-Prog Funded Act.\ Exe & Global Zicklin (30-25) | QT1: NTL\ZSB\Law\ZSB Exe-Prog Funded Act.\ Exe & Global Zicklin (30-25) | QU1: NTL\ZSB\Law\SWUFE 3+1 - Chengdu China\ Zicklin School (20-25) | QV1: NTL\ZSB\Economics\Global Graduate Programs\ Exe & Global Zicklin (30-25) | QW1: NTL\ZSB\Economics\ZSB Exe-Prog Funded Act.\ Exe & Global Zicklin (30-25) | QX1: NTL\ZSB\Economics\SWUFE 3+1 - Chengdu China\ Zicklin School (20-25) | QY1: NTL\ZSB\Economics\Economics Dept.-Microstructure\ Zicklin School (20-25) | QZ1: NTL\ZSB\Accounting\ZSB Glob-Prog Funded Act.\ Exe & Global Zicklin (30-25) | RA1: NTL\ZSB\Accounting\ZSB Exe-Prog Funded Act.\ Exe & Global Zicklin (30-25) | RB1: NTL\ZSB\Accounting\SWUFE 3+1 - Chengdu China\ Zicklin School (20-25) | RC1: NTL\ZSB\Counseling-Academic\SWUFE 3+1 - Chengdu China\ Zicklin School (20-25) | RD1: NTL\ZSB\Dean Of Business\ZSB Glob-Prog Funded Act.\ Exe & Global Zicklin (30-25) | RE1: NTL\ZSB\Career Services Operations\ZSB Glob-Prog Funded Act.\ Exe & Global Zicklin (30-25) | RF1: NTL\ZSB\Career Services Operations\ZSB Exe-Prog Funded Act.\ Exe & Global Zicklin (30-25) | RG1: NTL\ZSB\Career Services Operations\Graduate Programs\ Zicklin School (20-25) | RH1: NTL\ZSB\Executive Programs\Exe MBA Healthcare Admin\ Exe & Global Zicklin (30-25) | RI1: NTL\ZSB\Executive Programs\Executive MS HR Management\ Exe & Global Zicklin (30-25) | RJ1: NTL\ZSB\Executive Programs\Executive Business DBA\ Exe & Global Zicklin (30-25) | RK1: NTL\ZSB\Executive Programs\Executive MBA\ Exe & Global Zicklin (30-25) | RL1: NTL\ZSB\Executive Programs\ZSB Glob-Prog Funded Act.\ Exe & Global Zicklin (30-25) | RM1: NTL\ZSB\Executive Programs\ZSB Exe-Prog Funded Act.\ Exe & Global Zicklin (30-25) | RN1: NTL\ZSB\Executive Programs\Executive MS Finance\ Exe & Global Zicklin (30-25) | RO1: NTL\ZSB\Dean Of Business\Global Graduate Programs\ Exe & Global Zicklin (30-25) | RP1: NTL\ZSB\Center, Weissman Intl Business\SWUFE 3+1 - Chengdu China\ Zicklin School (20-25) | RQ1: NTL\ZSB\Center, Weissman Intl Business\Weissman Center Intntnl Prgrm\ Zicklin School (20-25) | RR1: NTL\ZSB\Center, Subotnick Fin Services\ZSB Glob-Prog Funded Act.\ Exe & Global Zicklin (30-25) | RS1: NTL\ZSB\Center, Subotnick Fin Services\ZSB Exe-Prog Funded Act.\ Exe & Global Zicklin (30-25) | RT1: NTL\ZSB\Center, Subotnick Fin Services\Subotnick Center\ Zicklin School (20-25) | RU1: NTL\ZSB\Center, Lawrence Field/Sm Bus\ZSB Glob-Prog Funded Act.\ Exe & Global Zicklin (30-25) | RV1: NTL\ZSB\Institute, Newman RE\ZSB Glob-Prog Funded Act.\ Exe & Global Zicklin (30-25) | RW1: NTL\ZSB\Institute, Newman RE\ZSB Exe-Prog Funded Act.\ Exe & Global Zicklin (30-25) | RX1: NTL\ZSB\Institute, Newman RE\Newman Real Estate Institute\ Zicklin School (20-25) | RY1: NTL\ZSB\Center, Student Entrprneurship\ZSB Glob-Prog Funded Act.\ Exe & Global Zicklin (30-25) | RZ1: NTL\ZSB\Center, Student Entrprneurship\ZSB Exe-Prog Funded Act.\ Exe & Global Zicklin (30-25) | SA1: NTL\ZSB\Entrepreneurship & Innovation\ZSB Glob-Prog Funded Act.\ Exe & Global Zicklin (30-25) | SB1: NTL\ZSB\Entrepreneurship & Innovation\ZSB Exe-Prog Funded Act.\ Exe & Global Zicklin (30-25) | SC1: NTL\ZSB\Entrepreneurship & Innovation\SWUFE 3+1 - Chengdu China\ Zicklin School (20-25) | SD1: NTL\ZSB\Center, Weissman Intl Business\ZSB Glob-Prog Funded Act.\ Exe & Global Zicklin (30-25) | SE1: NTL\ZSB\Accounting\Endowment Funds 3\ Endowment Funds (20-90)
A2: 300 | B2: 355 | C2: 100 | D2: 300 | E2: 251 | F2: 251 | G2: 251 | H2: 251 | I2: 100 | J2: 450 | K2: 100 | L2: 355 | M2: 355 | N2: 250 | O2: 355 | P2: 355 | Q2: 355 | R2: 355 | S2: 400 | T2: 355 | U2: 450 | V2: 355 | W2: 350 | X2: 355 | Y2: 400 | Z2: 355 | AA2: 450 | AB2: 355 | AC2: 355 | AD2: 355 | AE2: 355 | AF2: 355 | AG2: 355 | AH2: 355 | AI2: 355 | AJ2: 355 | AK2: 355 | AL2: 355 | AM2: 400 | AN2: 355 | AO2: 355 | AP2: 355 | AQ2: 350 | AR2: 350 | AS2: 350 | AT2: 450 | AU2: 300 | AV2: 300 | AW2: 300 | AX2: 300 | AY2: 300 | AZ2: 300 | BA2: 300 | BB2: 300 | BC2: 350 | BD2: 350 | BE2: 350 | BF2: 300 | BG2: 300 | BH2: 300 | BI2: 300 | BJ2: 300 | BK2: 300 | BL2: 300 | BM2: 300 | BN2: 300 | BO2: 300 | BP2: 300 | BQ2: 300 | BR2: 300 | BS2: 300 | BT2: 300 | BU2: 300 | BV2: 300 | BW2: 300 | BX2: 300 | BY2: 300 | BZ2: 300 | CA2: 300 | CB2: 300 | CC2: 300 | CD2: 300 | CE2: 300 | CF2: 300 | CG2: 300 | CH2: 300 | CI2: 300 | CJ2: 300 | CK2: 300 | CL2: 300 | CM2: 300 | CN2: 300 | CO2: 300 | CP2: 300 | CQ2: 300 | CR2: 300 | CS2: 300 | CT2: 300 | CU2: 300 | CV2: 300 | CW2: 300 | CX2: 300 | CY2: 300 | CZ2: 300 | DA2: 300 | DB2: 300 | DC2: 300 | DD2: 300 | DE2: 300 | DF2: 300 | DG2: 300 | DH2: 300 | DI2: 300 | DJ2: 300 | DK2: 300 | DL2: 300 | DM2: 300 | DN2: 300 | DO2: 300 | DP2: 300 | DQ2: 300 | DR2: 300 | DS2: 300 | DT2: 300 | DU2: 300 | DV2: 300 | DW2: 300 | DX2: 300 | DY2: 300 | DZ2: 300 | EA2: 300 | EB2: 300 | EC2: 300 | ED2: 500 | EE2: 500 | EF2: 500 | EG2: 500 | EH2: 500 | EI2: 500 | EJ2: 500 | EK2: 500 | EL2: 500 | EM2: 300 | EN2: 300 | EO2: 300 | EP2: 300 | EQ2: 300 | ER2: 300 | ES2: 500 | ET2: 500 | EU2: 500 | EV2: 300 | EW2: 300 | EX2: 300 | EY2: 300 | EZ2: 300 | FA2: 300 | FB2: 300 | FC2: 300 | FD2: 300 | FE2: 500 | FF2: 500 | FG2: 500 | FH2: 500 | FI2: 500 | FJ2: 500 | FK2: 500 | FL2: 500 | FM2: 300 | FN2: 300 | FO2: 300 | FP2: 300 | FQ2: 300 | FR2: 300 | FS2: 300 | FT2: 300 | FU2: 300 | FV2: 300 | FW2: 300 | FX2: 300 | FY2: 300 | FZ2: 300 | GA2: 300 | GB2: 300 | GC2: 300 | GD2: 300 | GE2: 300 | GF2: 300 | GG2: 300 | GH2: 300 | GI2: 300 | GJ2: 300 | GK2: 300 | GL2: 300 | GM2: 300 | GN2: 300 | GO2: 300 | GP2: 300 | GQ2: 300 | GR2: 300 | GS2: 300 | GT2: 300 | GU2: 300 | GV2: 300 | GW2: 300 | GX2: 300 | GY2: 300 | GZ2: 300 | HA2: 300 | HB2: 300 | HC2: 300 | HD2: 300 | HE2: 300 | HF2: 300 | HG2: 300 | HH2: 300 | HI2: 300 | HJ2: 300 | HK2: 300 | HL2: 300 | HM2: 300 | HN2: 300 | HO2: 300 | HP2: 300 | HQ2: 300 | HR2: 300 | HS2: 300 | HT2: 300 | HU2: 300 | HV2: 300 | HW2: 300 | HX2: 300 | HY2: 300 | HZ2: 300 | IA2: 300 | IB2: 300 | IC2: 300 | ID2: 300 | IE2: 300 | IF2: 300 | IG2: 300 | IH2: 300 | II2: 300 | IJ2: 300 | IK2: 300 | IL2: 300 | IM2: 300 | IN2: 300 | IO2: 300 | IP2: 300 | IQ2: 300 | IR2: 300 | IS2: 300 | IT2: 300 | IU2: 300 | IV2: 300 | IW2: 300 | IX2: 300 | IY2: 300 | IZ2: 300 | JA2: 300 | JB2: 300 | JC2: 300 | JD2: 300 | JE2: 300 | JF2: 300 | JG2: 300 | JH2: 300 | JI2: 300 | JJ2: 300 | JK2: 300 | JL2: 300 | JM2: 300 | JN2: 300 | JO2: 300 | JP2: 300 | JQ2: 300 | JR2: 300 | JS2: 300 | JT2: 300 | JU2: 300 | JV2: 300 | JW2: 300 | JX2: 300 | JY2: 300 | JZ2: 300 | KA2: 300 | KB2: 300 | KC2: 300 | KD2: 300 | KE2: 300 | KF2: 300 | KG2: 300 | KH2: 300 | KI2: 300 | KJ2: 300 | KK2: 300 | KL2: 300 | KM2: 300 | KN2: 300 | KO2: 300 | KP2: 300 | KQ2: 300 | KR2: 300 | KS2: 300 | KT2: 300 | KU2: 300 | KV2: 300 | KW2: 300 | KX2: 300 | KY2: 300 | KZ2: 300 | LA2: 300 | LB2: 300 | LC2: 300 | LD2: 300 | LE2: 300 | LF2: 300 | LG2: 300 | LH2: 300 | LI2: 300 | LJ2: 300 | LK2: 300 | LL2: 300 | LM2: 300 | LN2: 300 | LO2: 300 | LP2: 300 | LQ2: 300 | LR2: 300 | LS2: 300 | LT2: 300 | LU2: 300 | LV2: 300 | LW2: 300 | LX2: 300 | LY2: 300 | LZ2: 300 | MA2: 300 | MB2: 300 | MC2: 300 | MD2: 300 | ME2: 300 | MF2: 300 | MG2: 300 | MH2: 300 | MI2: 300 | MJ2: 300 | MK2: 300 | ML2: 300 | MM2: 300 | MN2: 300 | MO2: 300 | MP2: 300 | MQ2: 300 | MR2: 300 | MS2: 300 | MT2: 300 | MU2: 300 | MV2: 300 | MW2: 300 | MX2: 300 | MY2: 300 | MZ2: 300 | NA2: 300 | NB2: 300 | NC2: 300 | ND2: 300 | NE2: 300 | NF2: 300 | NG2: 300 | NH2: 300 | NI2: 300 | NJ2: 300 | NK2: 300 | NL2: 300 | NM2: 300 | NN2: 300 | NO2: 300 | NP2: 300 | NQ2: 300 | NR2: 300 | NS2: 300 | NT2: 300 | NU2: 300 | NV2: 300 | NW2: 300 | NX2: 300 | NY2: 300 | NZ2: 300 | OA2: 300 | OB2: 300 | OC2: 300 | OD2: 300 | OE2: 300 | OF2: 300 | OG2: 300 | OH2: 300 | OI2: 300 | OJ2: 300 | OK2: 300 | OL2: 300 | OM2: 300 | ON2: 300 | OO2: 300 | OP2: 300 | OQ2: 300 | OR2: 300 | OS2: 300 | OT2: 100 | OU2: 100 | OV2: 100 | OW2: 100 | OX2: 355 | OY2: 100 | OZ2: 100 | PA2: 200 | PB2: 200 | PC2: 200 | PD2: 100 | PE2: 100 | PF2: 100 | PG2: 100 | PH2: 100 | PI2: 100 | PJ2: 100 | PK2: 300 | PL2: 300 | PM2: 100 | PN2: 100 | PO2: 100 | PP2: 100 | PQ2: 100 | PR2: 100 | PS2: 100 | PT2: 300 | PU2: 300 | PV2: 300 | PW2: 100 | PX2: 300 | PY2: 100 | PZ2: 100 | QA2: 100 | QB2: 100 | QC2: 100 | QD2: 100 | QE2: 100 | QF2: 100 | QG2: 100 | QH2: 100 | QI2: 100 | QJ2: 100 | QK2: 100 | QL2: 100 | QM2: 100 | QN2: 100 | QO2: 100 | QP2: 100 | QQ2: 100 | QR2: 100 | QS2: 100 | QT2: 100 | QU2: 100 | QV2: 100 | QW2: 100 | QX2: 100 | QY2: 100 | QZ2: 100 | RA2: 100 | RB2: 100 | RC2: 300 | RD2: 100 | RE2: 300 | RF2: 300 | RG2: 300 | RH2: 450 | RI2: 450 | RJ2: 450 | RK2: 450 | RL2: 100 | RM2: 100 | RN2: 100 | RO2: 100 | RP2: 100 | RQ2: 100 | RR2: 100 | RS2: 100 | RT2: 100 | RU2: 100 | RV2: 100 | RW2: 100 | RX2: 100 | RY2: 300 | RZ2: 300 | SA2: 100 | SB2: 100 | SC2: 100 | SD2: 100 | SE2: 100
J3: 100 | U3: 355 | AT3: 300 | EM3: 500 | PS3: 450 | QM3: 300 | QR3: 450 | RC3: 100 | RH3: 100 | RI3: 100 | RJ3: 100 | RK3: 100
